 Dungeon Crawl Stone Soup version 0.24.1-14-gf8d2b509d9 (webtiles) character file.

Game seed: 1446260487940665121, levelgen mode: deterministic

23533441 Nebukadnezar the Petrodigitator (level 27, 249/249 HPs)
             Began as a Human Gladiator on Dec 15, 2020.
             Was a High Priest of the Shining One.
             Escaped with the Orb
             ... and 15 runes on Dec 16, 2020!
             The game lasted 11:56:55 (64094 turns).

Nebukadnezar the Petrodigitator (Human Gladiator)  Turns: 64094, Time: 11:56:55

Health: 249/249    AC: 28    Str: 28    XL:     27
Magic:  46/46      EV: 29    Int: 25    God:    the Shining One [*****.]
Gold:   1403       SH: 21    Dex: 31    Spells: 16/56 levels left

rFire    + + .     SeeInvis +     - Unarmed
rCold    + + .     Gourm    .   A - +5 shield of the Kettle-Drum {rPois Dex+4}
rNeg     + + +     Faith    .   n - +9 scale mail of the Pink Corner {rC+ Int+6}
rPois    +         Spirit   .   t - +0 hat of Okawaru's Displeasure {rF+ MR++ Stlth+}
rElec    +         Reflect  .   a - +3 cloak of the Wary Eyes {Str+8 Int+4}
rCorr    .         Harm     .   d - +2 pair of gloves {archery}
MR       ++++.                  k - +1 pair of boots of Degig {rF+ Dex+2}
Stlth    +.........             v - amulet of regeneration
HPRegen  0.91/turn              b - ring "Maguneho" {*Drain rElec rPois rN+ SInv}
MPRegen  0.30/turn              T - ring "Naanu Dorcho" {rPois rC+ Dex+5 Slay+3 SInv}

@: glowing
A: agile 1, high mp 1, strong 1
0: Orb of Zot
}: 15/15 runes: decaying, serpentine, slimy, silver, golden, iron, obsidian,
icy, bone, abyssal, demonic, glowing, magical, fiery, dark
a: Divine Shield, Cleansing Flame, Summon Divine Warrior, Renounce Religion


You escaped.
You worshipped the Shining One.
The Shining One was extremely pleased with you.
You were not hungry.

You visited 18 branches of the dungeon, and saw 86 of its levels.
You visited Pandemonium 4 times, and saw 16 of its levels.
You visited the Abyss 2 times.
You also visited: Trove, Ossuary, Bailey, Gauntlet, Ice Cave, Volcano and Wizlab.

You collected 8814 gold pieces.
You spent 7411 gold pieces at shops.

Inventory:

Hand Weapons
 m - the +7 longbow "Viopsuom" {velocity, -Tele Str+3 Int+2}
   (Okawaru gifted it to you on level 1 of the Orcish Mines)

   Any arrow fired from it inflicts extra damage.
   It affects your strength (+3).
   It affects your intelligence (+2).
   It prevents most forms of teleportation.
Missiles
 g - 39 throwing nets
 q - 17 boomerangs
 r - 32 curare-tipped darts
 s - 21 javelins
 u - 71 atropa-tipped darts
 z - 12 boomerangs of dispersal
 W - 28 silver javelins (quivered)
Armour
 a - the +3 cloak of the Wary Eyes (worn) {Str+8 Int+4}
   (You found it on level 13 of the Dungeon)

   It affects your strength (+8).
   It affects your intelligence (+4).
 d - a +2 pair of gloves of archery (worn)
 k - the +1 pair of boots of Degig (worn) {rF+ Dex+2}
   (You bought it in a shop on level 1 of the Orcish Mines)

   It affects your dexterity (+2).
   It protects you from fire.
 n - the +9 scale mail of the Pink Corner (worn) {rC+ Int+6}
   (Okawaru gifted it to you on level 3 of the Elven Halls)

   It affects your intelligence (+6).
   It protects you from cold.
 t - the +0 hat of Okawaru's Displeasure (worn) {rF+ MR++ Stlth+}
   (Okawaru gifted it to you on level 2 of the Vaults)

   It protects you from fire.
   It affects your resistance to hostile enchantments.
   It makes you more stealthy.
 A - the +5 shield of the Kettle-Drum (worn) {rPois Dex+4}
   (You took it off a deep elf annihilator on level 3 of the Elven Halls)

   It affects your dexterity (+4).
   It protects you from poison.
Jewellery
 b - the ring "Maguneho" (left hand) {*Drain rElec rPois rN+ SInv}
   (You found it in a Gauntlet)

   [ring of poison resistance]

   It insulates you from electricity.
   It protects you from poison.
   It protects you from negative energy.
   It lets you see invisible.
   It causes draining when unequipped.
 v - an amulet of regeneration (around neck)
 T - the ring "Naanu Dorcho" (right hand) {rPois rC+ Dex+5 Slay+3 SInv}
   (You took it off a deep elf mage on level 3 of the Elven Halls)

   [ring of see invisible]

   It affects your dexterity (+5).
   It affects your accuracy and damage with ranged weapons and melee attacks
   (+3).
   It protects you from cold.
   It protects you from poison.
   It lets you see invisible.
Wands
 e - a wand of acid (21)
 w - a wand of iceblast (59)
 x - a wand of digging (25)
 R - a wand of paralysis (43)
 V - a wand of scattershot (39)
Scrolls
 h - 2 scrolls of vulnerability
 j - a scroll of summoning
 C - a scroll of magic mapping
 F - 5 scrolls of blinking
 H - 8 scrolls of fog
 M - 4 scrolls of teleportation
 Q - 3 scrolls of holy word
 S - 4 scrolls of identify
 Z - 5 scrolls of fear
Potions
 c - 3 potions of cancellation
 i - 4 potions of agility
 l - 4 potions of haste
 o - 15 potions of curing
 p - 11 potions of heal wounds
 E - 3 potions of resistance
 G - 6 potions of flight
 I - 9 potions of brilliance
 J - 3 potions of might
 K - 6 potions of berserk rage
 N - 9 potions of mutation
 U - 9 potions of lignification
 X - 4 potions of magic
 Y - 6 potions of ambrosia
Miscellaneous
 y - 8 boxes of beasts
 B - a fan of gales
 D - a lamp of fire
 L - a phial of floods
 O - 2 phantom mirrors
 P - a figurine of a ziggurat
Comestibles
 f - 21 rations


   Skills:
 O Level 27 Fighting
 + Level 15.0 Throwing
 - Level 10.0 Armour
 + Level 17.3 Dodging
 - Level 10.0 Stealth
 - Level 15.1 Shields
 O Level 27 Unarmed Combat
 - Level 15.0 Spellcasting
 - Level 9.0 Summonings
 - Level 8.0 Translocations
 - Level 8.0 Transmutations
 - Level 3.1 Air Magic
 O Level 27 Earth Magic
 - Level 20.0 Invocations
 - Level 10.0 Evocations


You had 16 spell levels left.
You knew the following spells:

 Your Spells              Type           Power        Failure   Level  Hunger
a - Apportation           Tloc           ######       1%          1    None
b - Blink                 Tloc           N/A          1%          2    None
c - Statue Form           Tmut/Erth      #######..    1%          6    ####...
d - Lesser Beckoning      Tloc           ######....   1%          3    None
f - Summon Butterflies    Summ           ######..     1%          1    None
g - Passage of Golubria   Tloc           N/A          1%          4    None
j - Aura of Abjuration    Summ           ######....   3%          5    ##.....
l - Summon Lightning Spi  Summ/Air       #####...     4%          4    None
p - Portal Projectile     Hex/Tloc       #####.       3%          3    None
t - Shatter               Erth           ########..   9%          9    #######
w - Passwall              Tmut/Erth      #######.     0%          2    None

Your spell library contained the following spells:

 Spells                   Type           Power        Failure   Level  Hunger
 Sandblast                Erth           ######       0%          1    None
 Lee's Rapid Deconstruct  Erth           ########..   0%          5    ##.....
 Beastly Appendage        Tmut           ######       1%          1    None
 Summon Small Mammal      Summ           ####         1%          1    None
 Call Imp                 Summ           ######..     1%          2    None
 Shroud of Golubria       Chrm/Tloc      #####.       1%          2    None
 Sticks to Snakes         Tmut           ######..     1%          2    None
 Call Canine Familiar     Summ           ######..     1%          3    None
 Gell's Gravitas          Tloc           ######....   1%          3    None
 Recall                   Summ/Tloc      N/A          1%          3    None
 Stone Arrow              Conj/Erth      ######       1%          3    None
 Teleport Other           Tloc           ######..     1%          3    None
 Leda's Liquefaction      Hex/Erth       ######....   1%          4    None
 Petrify                  Tmut/Erth      #######.     1%          4    None
 Borgnjor's Vile Clutch   Necr/Erth      ######....   1%          5    ##.....
 Summon Guardian Golem    Hex/Summ       #####...     2%          3    None
 Shock                    Conj/Air       ####         3%          1    None
 Spider Form              Tmut/Pois      #####.....   3%          3    None
 Bolt of Magma            Conj/Fire/Erth ######....   3%          5    ##.....
 Summon Demon             Summ           ######....   3%          5    ##.....
 Iron Shot                Conj/Erth      ######....   3%          6    ####...
 Poisonous Vapours        Pois/Air       ####..       4%          2    None
 Swiftness                Chrm/Air       ####....     4%          2    None
 Summon Forest            Summ/Tloc      ######....   4%          5    ##.....
 Animate Skeleton         Necr           N/A          5%          1    None
 Confusing Touch          Hex            ###...       5%          1    None
 Corona                   Hex            ###....      5%          1    None
 Flame Tongue             Conj/Fire      ###..        5%          1    None
 Freeze                   Ice            ###.         5%          1    None
 Infusion                 Chrm           ###.         5%          1    None
 Magic Dart               Conj           ###.         5%          1    None
 Pain                     Necr           ###.         5%          1    None
 Sting                    Conj/Pois      ###.         5%          1    None
 Ignite Poison            Fire/Tmut/Pois ####....     5%          3    None
 Blade Hands              Tmut           ######....   6%          5    ##.....
 Ensorcelled Hibernation  Hex/Ice        ###...       9%          2    None
 Searing Ray              Conj           ###...       9%          2    None
 Slow                     Hex            ###.....     9%          2    None
 Song of Slaying          Chrm           ###.....     9%          2    None
 Sublimation of Blood     Necr           ###.......   9%          2    None
 Throw Flame              Conj/Fire      ###...       9%          2    None
 Throw Frost              Conj/Ice       ###...       9%          2    None
 Static Discharge         Conj/Air       ####....     9%          3    None
 Summon Ice Beast         Ice/Summ       #####...     9%          4    None
 Mephitic Cloud           Conj/Pois/Air  ###.....     11%         3    None
 Force Lance              Conj/Tloc      #####...     11%         4    None
 Ice Form                 Ice/Tmut       #####...     11%         4    None
 Airstrike                Air            ####......   16%         4    None
 Confuse                  Hex            ###.....     17%         3    None
 Conjure Flame            Conj/Fire      ###.....     17%         3    None
 Dazzling Spray           Conj/Hex       ###...       17%         3    None
 Inner Flame              Hex/Fire       ###.....     17%         3    None
 Ozocubu's Armour         Chrm/Ice       ###.....     17%         3    None
 Regeneration             Chrm/Necr      ###.......   17%         3    None
 Spectral Weapon          Hex/Chrm       ###.....     17%         3    None
 Tukima's Dance           Hex            ###.....     17%         3    None
 Vampiric Draining        Necr           ###.......   17%         3    None
 Shadow Creatures         Summ           N/A          22%         6    ####...
 Summon Mana Viper        Hex/Summ       #####...     24%         5    ##.....
 Alistair's Intoxication  Tmut/Pois      #####...     30%         5    ##.....
 Irradiate                Conj/Tmut      #####.....   30%         5    ##.....
 Yara's Violent Unravell  Hex/Tmut       #####.....   30%         5    ##.....
 Dispersal                Tloc           ######....   32%         6    ####...
 Hydra Form               Tmut           ######....   32%         6    ####...
 Animate Dead             Necr           N/A          50%         4    None
 Cause Fear               Hex            ###.......   50%         4    None
 Fulminant Prism          Conj/Hex       ###.......   50%         4    None
 Iskenderun's Mystic Bla  Conj           ###.....     50%         4    None
 Sticky Flame             Conj/Fire      ###.....     50%         4    None
 Throw Icicle             Conj/Ice       ###.....     50%         4    None
 Lightning Bolt           Conj/Air       ####......   63%         5    ##.....
 Silence                  Hex/Air        ####......   63%         5    ##.....
 Monstrous Menagerie      Summ           ######....   75%         7    ######.
 Summon Greater Demon     Summ           ######....   75%         7    ######.
 Summon Hydra             Summ           ######....   75%         7    ######.
 Malign Gateway           Summ/Tloc      ######....   82%         7    ######.
 Lehudib's Crystal Spear  Conj/Erth      ######....   82%         8    #######
 Bolt of Draining         Conj/Necr      ###.......   83%         5    ##.....
 Dispel Undead            Necr           ###.....     83%         5    ##.....
 Excruciating Wounds      Chrm/Necr      ###.......   83%         5    ##.....
 Fireball                 Conj/Fire      ###.......   83%         5    ##.....
 Iskenderun's Battlesphe  Conj/Chrm      ###.....     83%         5    ##.....
 Metabolic Englaciation   Hex/Ice        ###.......   83%         5    ##.....
 Venom Bolt               Conj/Pois      ###.......   83%         5    ##.....
 Dragon Form              Tmut           ######....   87%         7    ######.
 Conjure Ball Lightning   Conj/Air       ####......   99%         6    ####...
 Deflect Missiles         Chrm/Air       ####......   99%         6    ####...
 Freezing Cloud           Conj/Ice/Air   ###.......   99%         6    ####...
 Bolt of Cold             Conj/Ice       ###.......   100%        6    ####...
 Bolt of Fire             Conj/Fire      ###.......   100%        6    ####...
 Darkness                 Hex            ###.......   100%        6    ####...
 Death Channel            Necr           ###.......   100%        6    ####...
 Invisibility             Hex            ###.....     100%        6    ####...
 Ozocubu's Refrigeration  Ice            ###.......   100%        6    ####...
 Poison Arrow             Conj/Pois      ###.......   100%        6    ####...
 Simulacrum               Ice/Necr       ###.......   100%        6    ####...
 Haunt                    Necr/Summ      #####.....   100%        7    ######.
 Orb of Destruction       Conj           ###.......   100%        7    ######.
 Ring of Flames           Chrm/Fire      ###.......   100%        7    ######.
 Spellforged Servitor     Conj/Summ      #####.....   100%        7    ######.
 Borgnjor's Revivificati  Necr           ###.......   100%        8    #######
 Chain Lightning          Conj/Air       ####......   100%        8    #######
 Controlled Blink         Tloc           N/A          100%        8    #######
 Death's Door             Chrm/Necr      ###.......   100%        8    #######
 Discord                  Hex            ###.......   100%        8    #######
 Disjunction              Tloc           ######....   100%        8    #######
 Ignition                 Fire           ###.......   100%        8    #######
 Infestation              Necr           ###.......   100%        8    #######
 Necromutation            Tmut/Necr      #####.....   100%        8    #######
 Summon Horrible Things   Summ           ######....   100%        8    #######
 Dragon's Call            Summ           ######....   100%        9    #######
 Fire Storm               Conj/Fire      ###.......   100%        9    #######
 Glaciate                 Conj/Ice       ###.......   100%        9    #######
 Tornado                  Air            ####......   100%        9    #######


Dungeon Overview and Level Annotations

Branches:
Dungeon (15/15)            Temple (1/1) D:5            Lair (6/6) D:11
  Swamp (4/4) Lair:2        Snake (4/4) Lair:4        Slime (5/5) Lair:6
    Orc (2/2) D:11            Elf (3/3) Orc:2        Vaults (5/5) D:14
  Crypt (3/3) Vaults:3       Tomb (3/3) Crypt:3      Depths (5/5) D:15
   Hell (visited)             Dis (7/7) Hell            Geh (7/7) Hell
    Coc (7/7) Hell            Tar (7/7) Hell            Zot (5/5) Depths:5
Ossuary (visited)          Bailey (visited)           IceCv (visited)
Volcano (visited)          WizLab (visited)         Gauntlet (visited)

Altars:
Ashenzari
Cheibriados
Dithmenos
Elyvilon
Fedhas
Gozag
Hepliaklqana
Kikubaaqudgha
Makhleb
Nemelex Xobeh
Okawaru
Qazlal
Ru
Sif Muna
Trog
Uskayaw
Vehumet
Wu Jian
Xom
Yredelemnul
Zin
The Shining One
Jiyva

Shops:
D:5 :   D:9 *   Orc:1 [(=?   Orc:2 [*(:   Elf:2 %   Snake:4 }(}*=!
Vaults:5 *(

Portals:
Hell: Depths:1 Depths:2 Depths:3 Depths:4 Depths:5
Abyss: Depths:1 Depths:3 Depths:4 Depths:5
Pandemonium: Depths:3
Ziggurat: Depths:4

Annotations:
Elf:2 3 runed translucent doors
Dis:4 8 runed doors
Tar:7 Ereshkigal


Innate Abilities, Weirdness & Mutations

You are agile. (Dex +2)
You have an increased reservoir of magic. (+10% MP)
Your muscles are strong. (Str +2)


Message History

You feel that your aim is more steady.
(D) Dungeon (T) Temple (L) Lair (S) Swamp (P) Snake Pit (M) Slime Pits (O) Orcish Mines (E) Elven Halls (V) Vaults (C) Crypt (W) Tomb (U) Depths (H) Hell (I) Dis (G) Gehenna (X) Cocytus (Y) Tartarus (Z) Zot
Where to? (Enter - D:1 @ (x,y), ? - help)
Your aura of abjuration expires.
There is a stone staircase leading up here.
You climb upwards.
Your summoned allies are left behind.
There is a stone staircase leading down here.
There is an open door here.
Magic restored.
There is a stone staircase leading down here.
Things that are here:
a +0 club; an uncursed ring of teleportation
There is an escape hatch in the ceiling here.
A mysterious force pulls you upwards. The hatch slams shut behind you.
There is a staircase leading out of the dungeon here.
You have escaped!

.......#......#####.......#
...###...#######....#####.#
.#.####.########.##.#####.####
.#.#.........................#
...(.#####)#####.#####.#####.####
......###...###...###...###......
.#.#...#.....#.....#.....#...####
........#####.......#####....##..
.#.#...).###....@....###.........
..........#...........#.....###..
#.##>#.....#####.#####...........
#.##.#......###...###......######
#....#.#.....#.....#.......# #
####...##.....#####.....#..#
#......# #.....###.[...##..#
#......# #.....#.....###..#
#......# #..........## #..#


There were no monsters in sight!

Vanquished Creatures
  Asmodeus (Geh:7)
  Gloorx Vloq (Pan)
  the Royal Jelly (Slime:5)
  Lom Lobon (Pan)
  A seraph (Pan)
  Mnoleg (Pan)
  Dispater (Dis:7)
  6 pandemonium lords
  11 ancient liches
  A juggernaut (Depths:4)
  5 orbs of fire
  Boris (Crypt:1)
  13 greater mummies
  Sojobo (Vaults:4)
  Margery (Crypt:1)
  10 shard shrikes
  Bai Suzhen (Vaults:3)
  8 Killer Klowns
  Saint Roka (Crypt:2)
  6 caustic shrikes
  Xtahua (Vaults:3)
  6 golden dragons
  Nikola (Snake:3)
  2 profane servitors (Crypt:3)
  the Enchantress (Depths:5)
  Geryon (Hell)
  A Hellbinder (WizLab)
  Jory (Tomb:1)
  5 bone dragons
  2 electric golems (Zot:5)
  A doom hound (Tar:7)
  13 Tzitzimimeh
  16 Brimstone Fiends
  Rupert (Snake:2)
  3 iron giants
  Jorgrun (D:15)
  13 tentacled monstrosities
  25 Orb Guardians
  5 Hell Sentinels (Dis:7)
  21 Ice Fiends
  28 liches
  The ghost of Felexzeo the Severer, an adept NaFi of Cheibriados (Swamp:2)
  7 quicksilver dragons
  21 titans
  7 deep elf master archers
  19 Executioners
  8 deep elf blademasters
  Murray (Hell)
  15 acid blobs
  14 ancient champions
  10 sphinxes
  3 death cobs
  Agnes (Snake:3)
  An eldritch tentacle (Pan)
  Frances (D:13)
  A tentacled starspawn (Abyss:3)
  Kirke (Lair:5)
  The ghost of Hugeysu the Markscentaur, an adept CeGl of Okawaru (D:13)
  11 shadow dragons
  2 thorn hunters
  9 storm dragons
  11 tengu reavers
  6 revenants
  Roxanne (D:15)
  11 nagarajas
  8 azure jellies
  The ghost of Ypsiuj the Thaumaturge, an adept GnSk of Makhleb (Swamp:1)
  A blood saint (WizLab)
  2 draconian monks (Zot:1)
  22 frost giants
  19 fire giants
  A draconian knight (Depths:5)
  2 orc warlords
  5 iron dragons
  9 cacodemons
  13 vault wardens
  25 balrugs
  2 draconian scorchers
  4 draconian shifters
  13 deep elf sorcerers
  A warmonger (Pan)
  2 ghost moths
  10 ghouls
  4 angels (Pan)
  2 draconian stormcallers
  Aizul (Vaults:2)
  3 spriggan defenders (Depths:5)
  19 ironheart preservers
  5 deep elf elementalists
  5 elemental wellsprings (Coc:7)
  24 very ugly things
  2 curse skulls (Pan)
  7 ophanim (Pan)
  46 reapers
  A caustic shrike skeleton (Crypt:3)
  28 stone giants
  A corrupter (Pan)
  25 war gargoyles
  2 draconian annihilators (Pan)
  9 vampire knights
  8 bennus
  3 black suns (Pan)
  3 entropy weavers
  4 black draconians
  Nessos (D:15)
  5 lorocyprocas
  A dire elephant (shapeshifter) (Depths:3)
  A minotaur (Gauntlet)
  5 white draconians (Zot:1)
  6 green draconians
  15 deep elf annihilators
  8 deep elf demonologists
  9 purple draconians
  Azrael (Snake:1)
  6 dire elephants (Lair:6)
  7 red draconians
  9 yellow draconians
  5 green deaths
  11 blizzard demons
  2 spark wasps
  Snorg (Lair:6)
  16 crystal guardians (Depths:3)
  12 deep elf death magi
  A death ooze (Gauntlet)
  10 ettins
  10 eidola
  An ettin (shapeshifter) (D:12)
  18 jiangshi
  20 mummy priests
  5 fire dragons
  7 deep elf high priests
  3 quicksilver dragon zombies
  7 hell beasts
  Erolcha (D:12)
  8 naga warriors
  Josephine (Snake:1)
  Harold (D:11)
  15 great orbs of eyes
  16 yaktaur captains
  2 monstrous demonspawn (Pan)
  6 rakshasas
  18 ice dragons
  8 quicksilver dragon skeletons
  16 hydras
  32 vault guards
  The ghost of SnubMonkey the Archer, a journeyman GnWn of Cheibriados (Lair:1)
  4 ghost crabs
  An ice dragon (shapeshifter) (Vaults:5)
  A hydra (shapeshifter) (Depths:4)
  4 shambling mangroves
  14 anacondas
  5 spriggan air magi
  11 alligators
  4 death knights
  7 centaur warriors
  46 two-headed ogres
  8 vampire magi
  16 ogre magi
  A death yak (shapeshifter) (Depths:3)
  A death yak (IceCv)
  57 death scarabs
  A thrashing horror (Abyss:3)
  6 deep troll shamans
  22 dancing weapons
  3 orc high priests (Orc:2)
  11 hell hogs
  10 naga sharpshooters
  A satyr (shapeshifter) (Elf:1)
  6 deep troll earth magi
  3 spriggan berserkers
  A shock serpent (shapeshifter) (Depths:2)
  8 spriggans
  5 tengu warriors
  6 titan zombies
  5 storm dragon zombies
  38 deep elf knights
  4 titan skeletons
  7 shock serpents
  25 soul eaters
  44 sun demons
  25 shadow wraiths
  4 anaconda zombies
  A sea snake (Snake:1)
  13 sixfirhies
  An iron troll (shapeshifter) (Depths:3)
  A death drake (shapeshifter) (Vaults:5)
  A sea snake (shapeshifter) (Depths:3)
  9 cherubim
  19 hell knights
  9 iron trolls (Dis:7)
  3 wretched stars (Abyss:3)
  76 skeletal warriors
  3 unseen horrors
  3 gelid demonspawn (Pan)
  2 salamander mystics
  5 storm dragon skeletons
  13 iron golems
  12 flayed ghosts
  An orange crystal statue (Zot:5)
  A golden dragon zombie (Geh:5)
  3 torturous demonspawn
  The ghost of Caim the Covert, a novice OpVM of Ashenzari (D:7)
  14 wizards
  2 infernal demonspawn
  8 shadow demons
  2 swamp dragons (shapeshifter)
  12 swamp dragons
  18 orc knights
  35 deep elf archers
  A glowing orange brain (shapeshifter) (Vaults:5)
  13 glowing orange brains
  15 ironbrand convokers
  A kraken simulacrum (Coc:2)
  26 deep trolls
  5 naga ritualists
  4 shadow dragon zombies
  3 wolf spider zombies
  2 anaconda skeletons
  4 obsidian statues (Depths:3)
  17 phantasmal warriors
  2 manticores
  94 deep elf magi
  5 mana vipers
  5 harpies (Vaults:4)
  14 necromancers
  An orb spider (Orc:2)
  40 ugly things
  4 iron dragon zombies
  2 stone giant zombies
  5 shining eyes
  A tengu skeleton (Vaults:2)
  7 cyclopes
  A shadow dragon skeleton (Crypt:1)
  A worldbinder (Abyss:3)
  3 wolf spiders
  8 frost giant zombies
  7 orc sorcerers
  3 fire giant zombies
  15 rust devils
  3 fire giant skeletons
  3 iron dragon skeletons
  An elephant (shapeshifter) (Depths:4)
  6 dire elephant zombies
  2 shock serpent zombies
  12 salamanders
  11 moths of wrath
  3 moths of wrath (shapeshifter)
  23 black mambas
  12 guardian serpents
  17 vault sentinels
  5 frost giant skeletons
  16 smoke demons
  2 stone giant skeletons
  A guardian serpent (shapeshifter) (Depths:1)
  4 ice statues
  Joseph (D:7)
  4 elephants (Lair:6)
  A spectral iron troll (Crypt:2)
  18 spiny frogs
  16 molten gargoyles
  A torpor snail (Lair:3)
  2 eyes of devastation
  12 orange demons
  17 naga magi
  7 gargoyles
  4 dire elephant skeletons
  3 centaur skeletons
  32 freezing wraiths
  A komodo dragon (shapeshifter) (D:15)
  A death yak zombie (Crypt:2)
  3 rime drakes
  29 yaktaurs
  A kobold demonologist (D:13)
  4 catoblepas zombies
  14 hellions
  27 ice devils
  4 efreet
  An emperor scorpion zombie (Dis:7)
  A redback zombie (Crypt:1)
  23 tormentors
  7 komodo dragons
  10 demonic crawlers
  48 guardian mummies
  12 hellwings
  A minotaur skeleton (Tar:6)
  A purple draconian skeleton (Crypt:1)
  4 ancient zymes (Abyss:3)
  30 red devils
  2 spectral deep trolls (Crypt:2)
  7 hydra zombies
  2 harpy zombies
  6 trolls
  5 tengu conjurers
  A polar bear (shapeshifter) (D:15)
  2 wind drakes (shapeshifter)
  A death drake zombie (Crypt:3)
  4 meliai (Abyss:3)
  A meliai (shapeshifter) (Depths:2)
  A hornet (shapeshifter) (Depths:3)
  19 hornets
  A queen bee (Abyss:3)
  18 bog bodies
  18 tyrant leeches
  3 raiju (Depths:3)
  4 ice dragon zombies
  81 slime creatures
  17 polar bears
  23 blink frogs
  4 fire dragon zombies
  A satyr zombie (Crypt:3)
  2 harpy skeletons
  3 hydra skeletons
  2 alligator zombies
  21 dream sheep
  A frost giant simulacrum (Coc:7)
  A death drake skeleton (Crypt:3)
  A dream sheep (shapeshifter) (Depths:3)
  8 hippogriffs
  A black mamba zombie (Crypt:3)
  A stone giant simulacrum (Tomb:2)
  7 ettin zombies
  10 air elementals
  70 flying skulls
  9 vampires
  4 alligator skeletons
  26 ushabtiu
  17 water elementals
  2 ettin skeletons
  13 shadows
  3 centaur simulacra
  15 ynoxinuls
  5 fire dragon skeletons
  3 redbacks (Vaults:5)
  3 hogs (Lair:5)
  3 ice dragon skeletons
  A wyvern (D:12)
  The ghost of Vazz the Ducker, an amateur GnMo (D:3)
  A yak (shapeshifter) (D:15)
  29 wraiths
  5 golden eyes
  A yaktaur simulacrum (Depths:1)
  56 yaks
  A golden eye (shapeshifter) (Elf:2)
  12 vampire mosquitoes
  2 hungry ghosts
  4 neqoxecs (Pan)
  32 fire elementals
  5 basilisks
  A steam dragon (D:9)
  7 chaos spawn
  8 insubstantial wisps
  2 wargs
  3 acid dragons
  45 nagas
  A soldier ant (D:15)
  45 hell hounds
  14 swamp worms
  34 large abominations
  A floating eye (Depths:4)
  A soldier ant (shapeshifter) (Vaults:5)
  14 water moccasins
  8 porcupines
  8 small abominations
  6 spiny frog zombies
  2 floating eyes (shapeshifter)
  A merfolk skeleton (Coc:3)
  A water nymph skeleton (Crypt:2)
  13 swamp drakes
  A hornet zombie (D:8)
  49 orc warriors
  2 snapping turtle zombies
  7 ice beasts
  6 sky beasts
  2 ettin simulacra
  3 eyes of draining
  6 spiny frog skeletons
  2 alligator simulacra
  A fire dragon simulacrum (Tomb:3)
  37 ogres
  10 necrophages
  20 wolves
  3 phantoms
  5 boggarts (Depths:2)
  An elephant zombie (Crypt:3)
  An ogre (shapeshifter) (Vaults:5)
  An elephant skeleton (Crypt:1)
  A dream sheep skeleton (Crypt:3)
  11 crocodiles
  27 centaurs
  A snapping turtle skeleton (Crypt:2)
  3 manticore skeletons
  3 big kobolds
  Blork the orc (Orc:2)
  A salamander zombie (Crypt:1)
  20 bullfrogs
  16 earth elementals
  A human skeleton (Vaults:2)
  2 spiny frog simulacra (Hell)
  9 gnoll sergeants
  A wyvern skeleton (D:10)
  2 hornet simulacra
  A troll zombie (Crypt:3)
  3 scorpions
  38 wights
  24 killer bees
  5 electric eels
  6 howler monkeys
  13 crimson imps
  A human zombie (Geh:6)
  29 orc priests
  3 centaur zombies
  4 hounds
  32 orc wizards
  6 gnoll shamans (Bailey)
  4 human simulacra
  9 iron imps
  5 jellies
  12 worker ants
  3 iguanas
  2 hell rats (Lair:4)
  A bullfrog simulacrum (Gauntlet)
  A naga skeleton (Geh:5)
  A deep dwarf skeleton (Crypt:2)
  A demigod skeleton (Crypt:2)
  An acid dragon skeleton (Crypt:1)
  56 mummies
  A worker ant zombie (D:7)
  A howler monkey skeleton (D:4)
  14 adders
  18 gnolls
  7 river rats (Lair:4)
  13 shadow imps
  22 white imps
  An ufetubus (Abyss:3)
  5 oozes (D:13)
  2 adder zombies
  An iguana zombie (Crypt:1)
  3 adder skeletons
  A worm (D:5)
  A ball lightning (Depths:3)
  5 dart slugs
  6 leopard geckos
  108 orcs
  8 bats
  5 giant cockroaches
  16 goblins
  10 hobgoblins
  10 jackals
  5 quokkas
  A ball python (D:5)
  2 ball python skeletons
  A ball python zombie (D:5)
  5 frilled lizards
  A gnoll skeleton (Crypt:2)
  A hobgoblin zombie (Ossuary)
  23 kobolds
  A leopard gecko zombie (D:8)
  4 orc skeletons
  3 orc zombies (Ossuary)
  13 rats
  A river rat skeleton (Crypt:2)
  A spectral orc (D:3)
  7 crawling corpses
  7 plants
  2 tentacles (Coc:2)
4176 creatures vanquished.

Vanquished Creatures (collateral kills)
  Cerebov (Pan)
  Antaeus (Coc:7)
  2 Brimstone Fiends
  A tentacled monstrosity (Pan)
  An Ice Fiend (Dis:7)
  An Executioner (Pan)
  An acid blob (Slime:5)
  A balrug (Pan)
  An iron dragon (Dis:7)
  11 cacodemons
  A warmonger (D:9)
  2 reapers (Dis:7)
  A blood saint (D:9)
  A black draconian (Zot:4)
  2 death oozes (Slime:5)
  An iron golem (Dis:7)
  2 storm dragon zombies (Dis:7)
  2 sun demons (Pan)
  4 sixfirhies (Pan)
  A torturous demonspawn (Pan)
  A shadow dragon zombie (Dis:7)
  A moth of wrath (Zot:1)
  A smoke demon (Pan)
  A hellion (Pan)
  2 orange demons (Pan)
  A tormentor (Dis:7)
  A freezing wraith (Coc:7)
  A slime creature (Slime:2)
  A wraith (Geh:7)
  9 neqoxecs (Pan)
  2 wights (Geh:7)
  An orc zombie (Geh:7)
60 creatures vanquished.

Vanquished Creatures (others)
  A tentacled monstrosity (Zot:1)
  An Orb Guardian (Zot:5)
  An eldritch tentacle (Zot:5)
  A fire giant (shapeshifter) (Depths:3)
  A blood saint (Pan)
  A bennu (Tomb:3)
  2 red draconians (Zot:1)
  A green death (Pan)
  A deep elf knight (Geh:5)
  A sixfirhy (Pan)
  A deep elf archer (D:15)
  2 deep elf magi
  A moth of wrath (Zot:1)
  A naga mage (Snake:4)
  A meliai (Abyss:3)
  A slime creature (shapeshifter) (Depths:3)
  2 wraiths
  2 water elementals
  A neqoxec (Abyss:3)
  A swamp drake (Swamp:4)
  3 ogres
  A necrophage (Dis:7)
  A white imp (Depths:4)
  14 ball lightnings
  4 fungi
  3 plants (Lair:6)
  2 starspawn tentacles (Abyss:3)
  2 tentacles (Coc:2)
  5 withered plants (Gauntlet)
59 creatures vanquished.

Grand Total: 4295 creatures vanquished

Notes
Turn   | Place    | Note
-------+----------+-------------------------------------------
     0 | D:1      | Nebukadnezar the Human Gladiator began the quest for the
                  | Orb.
     0 | D:1      | Reached XP level 1. HP: 16/16 MP: 1/1
    57 | D:1      | Reached skill level 1 in Stealth
    57 | D:1      | Reached XP level 2. HP: 21/22 MP: 2/2
   206 | D:1      | Reached XP level 3. HP: 24/27 MP: 3/3
   779 | D:2      | Reached XP level 4. HP: 27/33 MP: 4/4
  1018 | D:2      | Reached skill level 5 in Unarmed Combat
  1025 | D:2      | Reached XP level 5. HP: 29/38 MP: 5/5
  1596 | D:3      | Found a basalt altar of Yredelemnul.
  1623 | D:3      | Found a shimmering blue altar of Sif Muna.
  1747 | D:3      | Noticed Vazz's ghost (amateur GnMo)
  1978 | D:3      | Found a glowing silver altar of Zin.
  2007 | D:3      | Found a runed translucent door.
  2216 | D:4      | Reached XP level 6. HP: 44/44 MP: 6/6
  2368 | D:4      | Found a stormy altar of Qazlal.
  2546 | D:4      | Noticed a phantom
  2657 | D:3      | Killed a phantom
  2657 | D:3      | Reached XP level 7. HP: 50/50 MP: 7/7
  2693 | D:4      | Reached skill level 1 in Evocations
  2906 | D:5      | Entered Level 5 of the Dungeon
  3072 | D:5      | Found a shadowy altar of Dithmenos.
  3142 | D:5      | Found a shimmering altar of Xom.
  3328 | D:5      | Found Xoriolez's Book Boutique.
  3388 | D:5      | Found an ornate altar of the Wu Jian Council.
  3406 | D:5      | Reached XP level 8. HP: 57/58 MP: 9/9
  3437 | D:5      | Found an opulent altar of Gozag.
  3483 | D:5      | Found a staircase to the Ecumenical Temple.
  3503 | Temple   | Entered the Ecumenical Temple
  3560 | Temple   | Became a worshipper of Warmaster Okawaru
  3868 | D:6      | Found a white marble altar of Elyvilon.
  3918 | D:6      | Found a sand-covered staircase.
  3923 | Ossuary  | Entered an ossuary
  4015 | Ossuary  | Noticed a flying skull
  4015 | Ossuary  | Noticed a wraith
  4050 | Ossuary  | Noticed a flying skull
  4056 | Ossuary  | Noticed a wraith
  4067 | Ossuary  | Killed a wraith
  4067 | Ossuary  | Reached skill level 1 in Invocations
  4077 | Ossuary  | Noticed a wraith
  4080 | Ossuary  | Killed a wraith
  4080 | Ossuary  | Reached * piety under Okawaru
  4080 | Ossuary  | Reached skill level 1 in Armour
  4088 | Ossuary  | Noticed a flying skull
  4098 | Ossuary  | Reached XP level 9. HP: 62/64 MP: 10/10
  4594 | D:6      | Reached ** piety under Okawaru
  4808 | D:7      | Noticed Joseph
  4856 | D:7      | Noticed a hippogriff
  4861 | D:7      | Killed a hippogriff
  4973 | D:7      | Found a shattered altar of Ashenzari.
  5157 | D:7      | Identified the +7 glaive "Huemuwud" {holy, Dex+3} (You
                  | found it on level 7 of the Dungeon)
  5164 | D:7      | Found a runed translucent door.
  5164 | D:7      | Noticed Caim's ghost (novice OpVM)
  5213 | D:7      | Reached skill level 10 in Unarmed Combat
  5215 | D:7      | Reached XP level 10. HP: 67/73 MP: 12/12
  5335 | D:3      | Killed Vazz's ghost
  5335 | D:3      | Reached skill level 5 in Fighting
  5488 | D:7      | Reached skill level 5 in Throwing
  5921 | D:7      | Killed Joseph
  5921 | D:7      | Reached *** piety under Okawaru
  5947 | D:8      | Noticed a two-headed ogre
  5955 | D:8      | Killed a two-headed ogre
  5955 | D:8      | Reached skill level 1 in Shields
  6030 | D:8      | Found a sacrificial altar of Ru.
  6126 | D:8      | Found a flagged portal.
  6152 | Bailey   | Entered a bailey
  6426 | Bailey   | Reached XP level 11. HP: 83/83 MP: 13/13
  6666 | D:8      | Found an ancient bone altar of Kikubaaqudgha.
  6667 | D:8      | Found a snail-covered altar of Cheibriados.
  6667 | D:8      | Found a hide-covered altar of Uskayaw.
  6668 | D:8      | Found a sparkling altar of Nemelex Xobeh.
  6859 | D:8      | Reached **** piety under Okawaru
  7135 | D:9      | Found Beezeic's Assorted Antiques.
  7155 | D:9      | Bought a silvery potion for 19 gold pieces
  7155 | D:9      | Bought a scroll labeled FIMOUF OHUFF for 22 gold pieces
  7155 | D:9      | Bought an ancient leather armour for 154 gold pieces
  7155 | D:9      | Bought a scroll of identify for 44 gold pieces
  7155 | D:9      | Identified the +3 leather armour "Osumenof" {Str+3 Int+3
                  | Dex+2} (You bought it in a shop on level 9 of the Dungeon)
  7664 | D:9      | Bought a scroll of teleportation for 66 gold pieces
  7695 | D:10     | Entered Level 10 of the Dungeon
  7897 | D:10     | Noticed a two-headed ogre
  7905 | D:10     | Killed a two-headed ogre
  8110 | D:10     | Received a gift from Okawaru
  8302 | D:10     | Reached skill level 5 in Invocations
  8310 | D:10     | Reached skill level 5 in Dodging
  8340 | D:10     | Reached skill level 5 in Armour
  8544 | D:11     | Found a staircase to the Lair.
  8638 | D:11     | Reached skill level 5 in Evocations
  8668 | D:11     | Reached ***** piety under Okawaru
  8944 | D:11     | Reached XP level 12. HP: 85/91 MP: 16/16
  9031 | D:11     | Noticed Harold
  9062 | D:11     | Killed Harold
  9062 | D:11     | Received a gift from Okawaru
  9419 | Lair:1   | Entered Level 1 of the Lair of Beasts
  9535 | D:11     | Found a staircase to the Orcish Mines.
  9800 | Lair:1   | Received a gift from Okawaru
  9948 | Lair:1   | Found a runed translucent door.
  9948 | Lair:1   | Noticed SnubMonkey's ghost (journeyman GnWn)
 10465 | D:7      | Killed Caim's ghost
 10768 | Lair:2   | Reached XP level 13. HP: 85/99 MP: 16/18
 10793 | Lair:2   | Received a gift from Okawaru
 10906 | Lair:2   | Noticed a seven-headed hydra
 10914 | Lair:2   | Killed a seven-headed hydra
 11195 | Lair:1   | Killed SnubMonkey's ghost
 12000 | Lair:4   | Noticed a six-headed hydra
 12006 | Lair:4   | Killed a six-headed hydra
 12034 | Lair:4   | Received a gift from Okawaru
 12035 | Lair:4   | Got a spiked helmet {god gift}
 12046 | Lair:4   | Identified the +1 helmet of the Shore {Str+3} (Okawaru
                  | gifted it to you on level 4 of the Lair of Beasts)
 12251 | Lair:4   | Found a staircase to the Snake Pit.
 12475 | Lair:4   | Noticed a seven-headed hydra
 12485 | Lair:4   | Killed a seven-headed hydra
 12771 | Lair:5   | Reached XP level 14. HP: 108/108 MP: 19/19
 12790 | Lair:5   | Found a dark tunnel.
 12830 | Volcano  | Entered a volcano
 12921 | Volcano  | Found a bloodstained altar of Trog.
 13017 | Volcano  | Noticed a red draconian
 13026 | Volcano  | Killed a red draconian
 13232 | Lair:5   | Got a flickering turquoise ring
 13234 | Lair:5   | Identified the ring "Noynn" {*Drain +Blink rF+ MP+9 Dex+4}
                  | (You found it on level 5 of the Lair of Beasts)
 13500 | Lair:6   | Entered Level 6 of the Lair of Beasts
 13516 | Lair:6   | Noticed Snorg
 13537 | Lair:6   | Killed Snorg
 13557 | Lair:6   | Found a frozen archway.
 13585 | Lair:6   | // 1*resi and no c+....I shouldn't go into *ice* cave
 13586 | IceCv    | Entered an ice cave
 13611 | IceCv    | Received a gift from Okawaru
 13910 | IceCv    | Received a gift from Okawaru
 13950 | IceCv    | Reached ****** piety under Okawaru
 14013 | IceCv    | //..and now ? still no c+
 14050 | IceCv    | Reached skill level 5 in Shields
 14146 | IceCv    | Received a gift from Okawaru
 14148 | IceCv    | Got a shimmering hand crossbow {god gift}
 14175 | IceCv    | Noticed a frost giant
 14191 | IceCv    | Killed a frost giant
 14191 | IceCv    | Reached skill level 10 in Fighting
 14191 | IceCv    | Reached skill level 10 in Throwing
 14223 | IceCv    | Identified the Incunabulum of the Glacier
 14229 | IceCv    | Identified the +6 hand crossbow "Wupec" {flame, Int+4
                  | Dex+2} (Okawaru gifted it to you in an ice cave)
 14290 | Lair:6   | Found a viscous altar of Jiyva.
 14290 | Lair:6   | Found a staircase to the Slime Pits.
 14576 | Lair:6   | Received a gift from Okawaru
 14576 | Lair:6   | Reached XP level 15. HP: 92/115 MP: 21/21
 15301 | Lair:6   | Found the +0 sword of Power
 15523 | Lair:6   | Received a gift from Okawaru
 15836 | D:12     | Found a gate leading to a gauntlet.
 15849 | Gauntlet | Entered a Gauntlet
 15849 | Gauntlet | Found a transporter.
 15858 | Gauntlet | Found a transporter.
 15860 | Gauntlet | Found a transporter.
 15862 | Gauntlet | Found a transporter.
 15884 | Gauntlet | Found a transporter.
 15891 | Gauntlet | Found a transporter.
 15906 | Gauntlet | Found a transporter.
 15913 | Gauntlet | Found a transporter.
 15929 | Gauntlet | Found a transporter.
 15948 | Gauntlet | Found a transporter.
 15960 | Gauntlet | Found a transporter.
 15972 | Gauntlet | Found a transporter.
 15984 | Gauntlet | Found a transporter.
 15996 | Gauntlet | Found a transporter.
 15998 | Gauntlet | Noticed a reaper
 16013 | Gauntlet | Found a transporter.
 16030 | Gauntlet | Found a transporter.
 16036 | Gauntlet | Found a transporter.
 16114 | Gauntlet | Found a transporter.
 16119 | Gauntlet | Got a bloodstained helmet
 16130 | Gauntlet | Identified the cursed +0 helmet "Zeffol" {rElec Dex-3
                  | Stlth+} (You found it in a Gauntlet)
 16219 | Gauntlet | Got a warped turquoise ring
 16231 | Gauntlet | Identified the ring of Gieloets {rF+ Dex+3}
 16236 | Gauntlet | Received a gift from Okawaru
 16240 | Gauntlet | Got a crude scale mail {god gift}
 16246 | Gauntlet | Identified the Papyrus of Earth and Envenoming
 16258 | Gauntlet | Identified the +1 scale mail "Haedduh" {+Blink rF- Dex+5}
                  | (Okawaru gifted it to you in a Gauntlet)
 16271 | Gauntlet | Learned a level 2 spell: Passwall
 16278 | Gauntlet | Learned a level 6 spell: Statue Form
 16283 | Gauntlet | Learned a level 4 spell: Summon Lightning Spire
 16284 | Gauntlet | Identified the ring "Maguneho" {*Drain rElec rPois rN+
                  | SInv} (You found it in a Gauntlet)
 16285 | Gauntlet | // both rings are +drain now..
 16401 | D:12     | Identified the Almanac of Shifting Good Luck
 16562 | D:12     | Noticed Erolcha
 16576 | D:12     | Killed Erolcha
 17269 | D:13     | Found a runed translucent door.
 17272 | D:13     | Found a runed translucent door.
 17342 | D:13     | Noticed Hugeysu's ghost (adept CeGl)
 17343 | D:13     | Noticed a lich
 17343 | D:13     | Noticed a tengu reaver
 17491 | D:13     | Reached skill level 1 in Transmutations
 17491 | D:13     | Reached skill level 1 in Earth Magic
 17579 | D:13     | Noticed Frances
 17594 | D:13     | Killed Frances
 17594 | D:13     | Reached skill level 1 in Spellcasting
 17691 | D:13     | Reached XP level 16. HP: 125/125 MP: 22/22
 18396 | D:14     | Found a shadowy altar of Dithmenos.
 18551 | D:14     | You fall into a shaft and drop 1 floor!
 18551 | D:15     | Entered Level 15 of the Dungeon
 18608 | D:15     | Got a bloodstained quarterstaff
 18674 | D:14     | Identified the +5 quarterstaff "Lifuir" {crush, rF+ Int+4}
                  | (You found it on level 15 of the Dungeon)
 18693 | D:15     | Received a gift from Okawaru
 18818 | D:15     | Noticed Jorgrun
 18838 | D:15     | Killed Jorgrun
 18838 | D:15     | Received a gift from Okawaru
 18895 | D:15     | Received a gift from Okawaru
 19176 | D:15     | Found the +5 robe of Misfortune {*Contam Harm *Corrode
                  | *Drain *Slow EV+5}
 19176 | D:15     | Noticed Nessos
 19186 | D:15     | Killed Nessos
 19186 | D:15     | Received a gift from Okawaru
 19460 | D:15     | Noticed Roxanne
 19570 | Orc:1    | Entered Level 1 of the Orcish Mines
 19605 | Orc:1    | Found Paunakor's Jewellery Shoppe.
 19607 | Orc:1    | Found Qeep Ylilapn's Weapon Shop.
 19705 | Orc:1    | Received a gift from Okawaru
 19713 | Orc:1    | Got a crude longbow {god gift}
 19734 | Orc:1    | Found Ottar's Antique Armour Emporium.
 19758 | Orc:1    | Bought a pair of pitted boots for 370 gold pieces
 19758 | Orc:1    | Bought a pair of embroidered gloves for 292 gold pieces
 19758 | Orc:1    | Identified the +1 pair of boots of Degig {rF+ Dex+2} (You
                  | bought it in a shop on level 1 of the Orcish Mines)
 19860 | Orc:1    | Identified the +7 longbow "Viopsuom" {velocity, -Tele Str+3
                  | Int+2} (Okawaru gifted it to you on level 1 of the Orcish
                  | Mines)
 19878 | Orc:2    | Entered Level 2 of the Orcish Mines
 19882 | Orc:2    | Noticed Urug
 19887 | Orc:2    | Noticed Urug
 19887 | Orc:2    | Urug changed into Urug the spark wasp
 19887 | Orc:2    | Noticed Blork the orc
 19893 | Orc:2    | Killed Urug the spark wasp
 19906 | Orc:2    | Killed Blork the orc
 19913 | Orc:2    | Found a staircase to the Elven Halls.
 20034 | Orc:2    | Noticed Sonja
 20039 | Orc:2    | Noticed Sonja
 20039 | Orc:2    | Sonja changed into Sonja the orb spider
 20048 | Orc:2    | Killed Sonja the orb spider
 20122 | Orc:2    | Noticed Maurice
 20135 | Orc:2    | Noticed Maurice
 20135 | Orc:2    | Maurice changed into Maurice the bullfrog
 20139 | Orc:2    | Killed Maurice the bullfrog
 20442 | Orc:2    | Reached XP level 17. HP: 113/132 MP: 23/23
 20645 | Orc:2    | Found Erhig's General Store.
 20646 | Orc:2    | Found Idol's Book Boutique.
 20647 | Orc:2    | Found Qucen's Antique Armour Shop.
 20647 | Orc:2    | Found Gizerorph's Antique Weapon Shop.
 20721 | Orc:1    | Found Vocenev's Magic Scroll Emporium.
 20803 | Orc:1    | Bought a scroll of identify for 28 gold pieces
 20849 | Orc:2    | Bought the +10 plate armour of Petoixt {Dex+8} for 1452
                  | gold pieces
 21182 | Lair:2   | Found a staircase to the Swamp.
 21190 | Swamp:1  | Entered Level 1 of the Swamp
 21329 | Swamp:1  | Found a runed translucent gate.
 21329 | Swamp:1  | Found a runed translucent gate.
 21329 | Swamp:1  | Found a runed translucent gate.
 21341 | Swamp:1  | Noticed a thorn hunter
 21345 | Swamp:1  | Noticed Ypsiuj's ghost (adept GnSk)
 21375 | Swamp:1  | Killed a thorn hunter
 21456 | Swamp:1  | Killed Ypsiuj's ghost
 21925 | Swamp:2  | Received a gift from Okawaru
 22079 | Swamp:2  | Received a gift from Okawaru
 22089 | Swamp:2  | Got a warped glaive {god gift}
 22109 | Swamp:2  | Found a runed translucent door.
 22112 | Swamp:2  | Noticed Felexzeo's ghost (adept NaFi)
 22197 | Swamp:2  | Killed Felexzeo's ghost
 22209 | Swamp:2  | Identified the Almanac of Feathers and Clay
 22284 | Swamp:2  | Learned a level 1 spell: Apportation
 22553 | Swamp:2  | Reached skill level 10 in Evocations
 22982 | Swamp:4  | Entered Level 4 of the Swamp
 22990 | Swamp:4  | Received a gift from Okawaru
 23267 | Swamp:4  | Reached skill level 10 in Dodging
 23424 | Swamp:4  | Reached XP level 18. HP: 140/140 MP: 25/25
 23656 | Swamp:4  | Reached skill level 10 in Shields
 23708 | Swamp:4  | Reached skill level 15 in Unarmed Combat
 23751 | Swamp:4  | Reached skill level 10 in Armour
 23957 | Swamp:4  | Got a decaying rune of Zot
 23998 | Swamp:4  | Received a gift from Okawaru
 24398 | Snake:1  | Entered Level 1 of the Snake Pit
 24552 | Snake:1  | Reached skill level 1 in Translocations
 24572 | Snake:1  | Noticed Rupert
 24604 | Snake:1  | Noticed Josephine
 24615 | Snake:1  | Killed Josephine
 25201 | Snake:1  | Noticed Azrael
 25210 | Snake:1  | Received a gift from Okawaru
 25210 | Snake:1  | Killed Azrael
 25210 | Snake:1  | Reached skill level 5 in Transmutations
 25330 | Snake:1  | Reached skill level 5 in Earth Magic
 25472 | Snake:2  | Killed Rupert
 25472 | Snake:2  | Received a gift from Okawaru
 25485 | Snake:2  | Reached skill level 5 in Spellcasting
 25530 | Snake:2  | Got a translucent hand axe
 25632 | Snake:2  | Identified the +7 hand axe of Anger {chop, rC+} (You found
                  | it on level 2 of the Snake Pit)
 26238 | Snake:3  | Reached XP level 19. HP: 136/147 MP: 26/26
 26252 | Snake:3  | Noticed Agnes
 26267 | Snake:3  | Killed Agnes
 26267 | Snake:3  | Received a gift from Okawaru
 26461 | Snake:3  | Noticed Nikola
 26485 | Snake:3  | Killed Nikola
 26531 | Snake:3  | Received a gift from Okawaru
 26926 | Snake:4  | Entered Level 4 of the Snake Pit
 27130 | Snake:4  | Found Ulugapyo's Distillery.
 27165 | Snake:4  | Found Qikhyol's Gadget Shop.
 27165 | Snake:4  | Found Xomidgh's Jewellery Shop.
 27167 | Snake:4  | Found Omyh Osu's Antique Weapon Shop.
 27167 | Snake:4  | Found Fuinon's General Store.
 27337 | Snake:4  | Found Omyak's Gadget Shoppe.
 27530 | Snake:4  | Received a gift from Okawaru
 28035 | Snake:4  | Received a gift from Okawaru
 28044 | Snake:4  | Reached skill level 5 in Translocations
 28126 | Snake:4  | Received a gift from Okawaru
 28172 | Snake:4  | Received a gift from Okawaru
 28338 | Snake:4  | Reached XP level 20. HP: 157/157 MP: 27/27
 28349 | Snake:4  | Got a serpentine rune of Zot
 28561 | Orc:2    | Bought a runed shield for 262 gold pieces
 28684 | Elf:1    | Entered Level 1 of the Elven Halls
 29229 | Elf:1    | You fall into a shaft and drop 1 floor!
 29588 | Elf:2    | Received a gift from Okawaru
 29596 | Elf:2    | Identified the +2 demon trident "Teytriz" {flame, Int+7
                  | Dex+3 Stlth+} (Okawaru gifted it to you on level 2 of the
                  | Elven Halls)
 29671 | Elf:2    | Found Jialest's Food Shop.
 29799 | Elf:2    | Found a runed translucent gate.
 29799 | Elf:2    | Found a runed translucent gate.
 29799 | Elf:2    | Found a runed translucent gate.
 29899 | Elf:1    | Reached skill level 15 in Fighting
 30105 | Elf:1    | Got a twisted trident
 30261 | Elf:3    | Entered Level 3 of the Elven Halls
 31085 | Elf:3    | Reached XP level 21. HP: 169/169 MP: 26/28
 31148 | Elf:3    | Received a gift from Okawaru
 31164 | Elf:3    | Identified the +5 shield of the Kettle-Drum {rPois Dex+4}
 31203 | Elf:3    | Received a gift from Okawaru
 31322 | Elf:3    | Got an ancient scale mail {god gift}
 31361 | Elf:3    | Identified the ring "Naanu Dorcho" {rPois rC+ Dex+5 Slay+3
                  | SInv}
 31473 | Elf:3    | Identified the Compendium of Ice
 31478 | Elf:3    | Identified the Incunabulum of the Battered Runes
 31498 | Elf:3    | Got a pair of smoking boots
 31509 | Elf:3    | Identified the +1 pair of boots "Jemyt" {rN+} (You found it
                  | on level 3 of the Elven Halls)
 32078 | Lair:1   | Identified the +9 scale mail of the Pink Corner {rC+ Int+6}
                  | (Okawaru gifted it to you on level 3 of the Elven Halls)
 32267 | D:13     | Killed Hugeysu's ghost
 32318 | D:13     | Got a polished cloak
 32329 | D:13     | Identified the +3 cloak of the Wary Eyes {Str+8 Int+4} (You
                  | found it on level 13 of the Dungeon)
 32494 | D:14     | Found a gate to the Vaults.
 32550 | Vaults:1 | Entered Level 1 of the Vaults
 32617 | Vaults:1 | Found a portal to a secret trove of treasure.
 32771 | Vaults:1 | Got a serpentine lead ring
 32777 | Vaults:1 | Reached XP level 22. HP: 178/178 MP: 29/29
 32922 | Vaults:1 | Identified the ring of the Hero {rN+ MR+ Str+6 Stlth+} (You
                  | found it on level 1 of the Vaults)
 33756 | Vaults:2 | Reached XP level 23. HP: 169/185 MP: 28/30
 33799 | Vaults:2 | Received a gift from Okawaru
 33899 | Vaults:2 | Received a gift from Okawaru
 33946 | Vaults:2 | Found a magical portal.
 34130 | WizLab   | Received a gift from Okawaru
 34350 | WizLab   | Noticed Pyisuob
 34358 | WizLab   | Killed Pyisuob the Hellbinder
 34362 | WizLab   | Received a gift from Okawaru
 34371 | WizLab   | Gained mutation: Armour fits poorly on your strangely
                  | shaped body. [a cacodemon]
 34398 | WizLab   | Received a gift from Okawaru
 34432 | WizLab   | Found a burning altar of Makhleb.
 34446 | WizLab   | Got a heavily runed tin amulet
 34448 | WizLab   | Got a clouded pewter ring
 34450 | WizLab   | Got a transparent wooden ring
 34476 | WizLab   | Identified the Compendium of Calling
 34487 | WizLab   | Identified the amulet of Todaxutu {Faith rElec} (You found
                  | it in a wizard's laboratory)
 34519 | WizLab   | Identified the ring "Kan Ucea" {rF- rC++ MR+ Int+4 SInv}
                  | (You found it in a wizard's laboratory)
 34521 | WizLab   | Identified the ring "Renofosch" {rElec MR- Dex+6 SInv} (You
                  | found it in a wizard's laboratory)
 34868 | Vaults:2 | Noticed Aizul
 34882 | Vaults:2 | Killed Aizul
 35081 | Vaults:2 | Received a gift from Okawaru
 35528 | Vaults:2 | Received a gift from Okawaru
 35529 | Vaults:2 | Got a shimmering hat {god gift}
 35704 | Vaults:2 | Identified the +0 hat of Okawaru's Displeasure {rF+ MR++
                  | Stlth+} (Okawaru gifted it to you on level 2 of the Vaults)
 35709 | Vaults:2 | Learned a level 3 spell: Portal Projectile
 35794 | Vaults:3 | Noticed Xtahua
 35804 | Vaults:3 | Killed Xtahua
 35837 | Vaults:3 | Got a dazzling rapier
 35967 | Vaults:3 | Reached XP level 24. HP: 195/195 MP: 30/30
 36656 | Vaults:3 | Found a staircase to the Crypt.
 36829 | Vaults:3 | Received a gift from Okawaru
 37249 | Vaults:4 | Received a gift from Okawaru
 37619 | Vaults:4 | Identified the +11 rapier of Abomination {flame, rPois MR+
                  | Dex-5} (You found it on level 3 of the Vaults)
 37693 | Vaults:4 | Received a gift from Okawaru
 37879 | Vaults:4 | Reached XP level 25. HP: 204/204 MP: 26/30
 37941 | Vaults:4 | Noticed Sojobo
 37952 | Vaults:4 | Killed Sojobo
 37952 | Vaults:4 | Reached skill level 15 in Shields
 38574 | D:15     | Killed Roxanne
 38704 | D:15     | Found a staircase to the Depths.
 38715 | Depths:1 | Entered Level 1 of the Depths
 38715 | Depths:1 | Found a one-way gate to the infinite horrors of the Abyss.
 38823 | Depths:1 | Got a jewelled flail
 38858 | Depths:1 | Received a gift from Okawaru
 38987 | Depths:1 | Found a runed translucent door.
 38990 | Depths:1 | Found a radiant altar of Vehumet.
 38990 | Depths:1 | Noticed an ancient lich
 39001 | Depths:1 | Killed an ancient lich
 39001 | Depths:1 | Reached skill level 10 in Invocations
 39014 | Depths:1 | Identified the Grimoire of Confrontation
 39146 | Depths:1 | Identified the +9 flail of the Salmon {venom, *Noise MR++
                  | Dex+3} (You found it on level 1 of the Depths)
 39422 | Depths:1 | Found a gateway to Hell.
 39428 | Depths:1 | Received a gift from Okawaru
 39512 | Depths:2 | Received a gift from Okawaru
 39512 | Depths:2 | Reached skill level 1 in Summonings
 39512 | Depths:2 | Reached skill level 1 in Air Magic
 39658 | Depths:2 | Reached XP level 26. HP: 203/215 MP: 35/35
 39721 | Depths:2 | Received a gift from Okawaru
 39809 | Depths:2 | Found the +5 scythe "Finisher" {speed, eviscerate}
 39839 | Depths:2 | Identified a scroll of acquirement
 40257 | Depths:2 | Received a gift from Okawaru
 40430 | Depths:3 | Reached skill level 5 in Summonings
 40472 | Depths:3 | Identified the +8 mace "Gudaudwa" {antimagic, MP+9 Int+4}
                  | (You found it on level 3 of the Depths)
 40891 | Depths:3 | Identified the Catalogue of Sinister Stones
 40937 | Depths:3 | Found a one-way gate leading to the halls of Pandemonium.
 40977 | Depths:3 | Got an ancient scale mail
 40983 | Depths:3 | Identified the +1 scale mail "Saosu" {Int+2} (You found it
                  | on level 3 of the Depths)
 41251 | Depths:4 | Noticed an ancient lich
 41325 | Depths:4 | Killed an ancient lich
 41328 | Depths:4 | Found a gateway to a ziggurat.
 41340 | Depths:4 | Received a gift from Okawaru
 41451 | Depths:4 | Received a gift from Okawaru
 41680 | Depths:3 | Reached XP level 27. HP: 224/224 MP: 35/35
 42049 | Depths:5 | Entered Level 5 of the Depths
 42286 | Depths:5 | Noticed the Enchantress
 42308 | Depths:5 | Killed the Enchantress
 42675 | Depths:5 | Found a gate to the Realm of Zot.
 42830 | Depths:4 | Received a gift from Okawaru
 43233 | Depths:4 | Reached skill level 10 in Earth Magic
 43436 | Depths:4 | Noticed a juggernaut
 43447 | Depths:4 | Killed a juggernaut
 43636 | Depths:4 | Learned a level 1 spell: Summon Butterflies
 43935 | Lair:1   | Learned a level 9 spell: Shatter
 44030 | Lair:5   | Noticed Kirke
 44041 | Lair:5   | Killed Kirke
 44132 | Slime:1  | Entered Level 1 of the Pits of Slime
 44148 | Slime:1  | Received a gift from Okawaru
 44249 | Slime:3  | Received a gift from Okawaru
 44322 | Slime:5  | Entered Level 5 of the Pits of Slime
 44470 | Slime:5  | Received a gift from Okawaru
 44750 | Slime:5  | Noticed the Royal Jelly
 44776 | Slime:5  | Found a viscous altar of Jiyva.
 44862 | Slime:5  | Killed the Royal Jelly
 44886 | Slime:5  | Got an encrusted scimitar
 44923 | Slime:5  | Identified the Volume of the Lumpy Yaks
 44927 | Slime:5  | Got a slimy rune of Zot
 44954 | Slime:5  | Identified the ring "Nezxuigo" {rF+ rN+ MR+} (You found it
                  | on level 5 of the Pits of Slime)
 44955 | Slime:5  | Identified the +12 scimitar "Qureinu" {freeze, Dex+4 SInv
                  | Stlth+} (You found it on level 5 of the Pits of Slime)
 44956 | Slime:5  | Identified the +9 broad axe of Bile {chop, +Rage Int+3
                  | Dex+4} (You found it on level 5 of the Pits of Slime)
 44958 | Slime:5  | Got a crystal shortbow
 45154 | Lair:1   | Lost mutation: Armour fits poorly on your strangely shaped
                  | body. [potion of mutation]
 45154 | Lair:1   | Gained mutation: Your muscles are strong. (Str +2) [potion
                  | of mutation]
 45154 | Lair:1   | Gained mutation: Your flesh is heat resistant. (rF+)
                  | [potion of mutation]
 45154 | Lair:1   | Gained mutation: You possess an exceptional clarity of
                  | mind. [potion of mutation]
 45154 | Lair:1   | Gained mutation: Your flesh is cold resistant. (rC+)
                  | [potion of mutation]
 45388 | Vaults:5 | Entered Level 5 of the Vaults
 45402 | Vaults:5 | Received a gift from Okawaru
 45520 | Vaults:5 | Received a gift from Okawaru
 45551 | Vaults:5 | Received a gift from Okawaru
 45557 | Vaults:5 | Reached skill level 15 in Invocations
 45592 | Vaults:5 | Received a gift from Okawaru
 45614 | Vaults:5 | Received a gift from Okawaru
 45898 | Vaults:5 | Found Ywimof's Weapon Shop.
 46078 | Vaults:5 | Identified the +7 rapier "Oje Uwah" {pain, rPois Str+4}
 46103 | Vaults:5 | Received a gift from Okawaru
 46104 | Vaults:5 | Got a blackened troll leather armour {god gift}
 46132 | Vaults:5 | Identified the +6 broad axe of Ompeorr {chop, rF- rC++
                  | SInv}
 46280 | Vaults:5 | Identified the Grimoire of Helpful Flames
 46420 | Vaults:5 | Got a silver rune of Zot
 46566 | Vaults:5 | Found Saadeep's Assorted Antiques.
 46585 | Vaults:5 | Identified the +1 troll leather armour "Wuolalonae" {rElec
                  | rF- Regen+ Str+2} (Okawaru gifted it to you on level 5 of
                  | the Vaults)
 46771 | Vaults:5 | Bought a torn book for 630 gold pieces
 46771 | Vaults:5 | Bought an ancient scale mail for 378 gold pieces
 46771 | Vaults:5 | Bought a potion of haste for 420 gold pieces
 46781 | Vaults:5 | Identified the +5 scale mail of Risiw {Int+2} (You bought
                  | it in a shop on level 5 of the Vaults)
 46794 | Vaults:5 | Bought a potion of resistance for 420 gold pieces
 47509 | Temple   | Fell from the grace of Okawaru
 47509 | Temple   | Became a worshipper of the Shining One
 47736 | Vaults:1 | You showed the slimy rune of Zot to enter a treasure trove
 47737 | Trove    | Entered a treasure trove
 47744 | Trove    | Got a faintly glowing golden amulet
 47749 | Trove    | Got a shimmering amber ring
 47751 | Trove    | Got a faintly glowing pewter ring
 47754 | Trove    | Got a warped platinum amulet
 47774 | Trove    | Got a shimmering ivory ring
 47774 | Trove    | Got a transparent golden ring
 47959 | Crypt:1  | Entered Level 1 of the Crypt
 47964 | Crypt:1  | Noticed Bai Suzhen
 47964 | Crypt:1  | Reached * piety under the Shining One
 48070 | Vaults:3 | Killed Bai Suzhen
 48086 | Crypt:1  | Reached ** piety under the Shining One
 48166 | Crypt:1  | Noticed Margery
 48180 | Crypt:1  | Killed Margery
 48302 | Crypt:1  | Reached *** piety under the Shining One
 48499 | Crypt:1  | Reached skill level 15 in Earth Magic
 48535 | Crypt:1  | Noticed Boris
 48553 | Crypt:1  | Killed Boris
 48702 | Crypt:2  | Reached **** piety under the Shining One
 48740 | Crypt:2  | Reached ***** piety under the Shining One
 49019 | Crypt:2  | Noticed Saint Roka
 49036 | Crypt:2  | Killed Saint Roka
 49181 | Crypt:3  | Entered Level 3 of the Crypt
 49268 | Crypt:3  | Reached ****** piety under the Shining One
 49700 | Crypt:3  | Found a staircase to the Tomb.
 49828 | Crypt:3  | Identified the +1 leather armour of Charity {+Blink Str+5}
 49888 | Crypt:3  | Identified the amulet of Teabodgh {Reflect *Contam rPois
                  | rC+ Dex+4 SH+2}
 49966 | Crypt:3  | Identified the cursed +3 rapier "Yjed" {drain, *Noise +Inv
                  | Int+10}
 49966 | Crypt:3  | Identified the ring "Olufeum" {rF+ rN+ MP-9 Int+2}
 50028 | Crypt:3  | Identified the ring "Reitusic" {rC+ rN+}
 50065 | Crypt:3  | Identified the ring "Quick" {rC+ rN+ MR+++ Str+3 Int-4}
 50093 | Crypt:3  | Found an ancient bone altar of Kikubaaqudgha.
 50096 | Crypt:3  | Identified the +8 plate armour of Corr {Int+2} (You found
                  | it on level 3 of the Crypt)
 50101 | Crypt:3  | Found a basalt altar of Yredelemnul.
 50386 | Vaults:1 | Identified the ring "Jecoppud" {rC+ Str+2 Int+2} (You found
                  | it in a treasure trove)
 50420 | Vaults:1 | Identified the ring of Fajoddik {+Inv +Fly rElec rC-} (You
                  | found it in a treasure trove)
 50424 | Vaults:1 | Identified the ring of the Thistle {rPois Str+8 Int+6
                  | Slay-6} (You found it in a treasure trove)
 50426 | Vaults:1 | Identified the ring of Neloamat {rPois rF+} (You found it
                  | in a treasure trove)
 50582 | Hell     | Entered the Vestibule of Hell
 50582 | Hell     | Noticed Murray
 50586 | Hell     | Noticed Geryon
 50597 | Hell     | Killed Murray
 50604 | Hell     | Killed Geryon
 50702 | Hell     | Found a gateway to the ashen valley of Gehenna.
 50736 | Hell     | Found a gateway to the Iron City of Dis.
 50804 | Hell     | Found a gateway to the freezing wastes of Cocytus.
 50895 | Hell     | Found a gateway to the decaying netherworld of Tartarus.
 51736 | Snake:4  | Bought a potion of resistance for 150 gold pieces
 51736 | Snake:4  | Bought a potion of curing for 45 gold pieces
 51743 | Snake:4  | Bought a potion of cancellation for 96 gold pieces
 51743 | Snake:4  | Bought 2 potions of haste for 240 gold pieces
 51743 | Snake:4  | Bought 2 potions of agility for 96 gold pieces
 51743 | Snake:4  | Bought a potion of heal wounds for 60 gold pieces
 51743 | Snake:4  | Bought a potion of might for 48 gold pieces
 51743 | Snake:4  | Bought a potion of might for 48 gold pieces
 51752 | Snake:4  | Bought an ancient hand crossbow for 238 gold pieces
 51755 | Snake:4  | Bought a wand of digging (7) for 396 gold pieces
 51987 | D:9      | Bought a potion of curing for 66 gold pieces
 52114 | Orc:1    | Bought a scroll of magic mapping for 49 gold pieces
 52114 | Orc:1    | Bought a scroll of magic mapping for 49 gold pieces
 52114 | Orc:1    | Bought a scroll of magic mapping for 49 gold pieces
 52160 | Orc:2    | Bought a scroll of magic mapping for 52 gold pieces
 52168 | Orc:2    | Bought a pair of embroidered boots for 262 gold pieces
 52432 | Coc:1    | Entered Level 1 of Cocytus
 52462 | Coc:1    | You fall into a shaft and drop 1 floor!
 52490 | Coc:3    | Noticed a shard shrike
 52502 | Coc:3    | Killed a shard shrike
 52556 | Coc:3    | Noticed a shard shrike
 52556 | Coc:3    | Noticed a shard shrike
 52557 | Coc:3    | Noticed a shard shrike
 52558 | Coc:3    | Noticed a shard shrike
 52565 | Coc:3    | Killed a shard shrike
 52565 | Coc:3    | Killed a shard shrike
 52567 | Coc:3    | Killed a shard shrike
 52569 | Coc:3    | Killed a shard shrike
 52579 | Coc:4    | Noticed a shard shrike
 52579 | Coc:4    | Noticed a shard shrike
 52590 | Coc:4    | Killed a shard shrike
 52590 | Coc:4    | Reached skill level 10 in Spellcasting
 52591 | Coc:4    | Killed a shard shrike
 52603 | Coc:4    | Noticed a shard shrike
 52605 | Coc:4    | Noticed a shard shrike
 52607 | Coc:4    | Noticed a shard shrike
 52607 | Coc:4    | Noticed a shard shrike
 52652 | Coc:4    | You fall into a shaft and drop 2 floors!
 52658 | Coc:6    | Gained mutation: You are dopey. (Int -2) [a cacodemon]
 52659 | Coc:7    | Entered Level 7 of Cocytus
 52747 | Coc:7    | Noticed a shard shrike
 52749 | Coc:7    | Noticed a shard shrike
 52754 | Coc:7    | Killed a shard shrike
 52756 | Coc:7    | Killed a shard shrike
 52983 | Coc:7    | Noticed a shard shrike
 52985 | Coc:7    | Killed a shard shrike
 53099 | Coc:7    | Noticed Antaeus
 53119 | Coc:7    | Killed Antaeus
 53132 | Coc:7    | Got an icy rune of Zot
 53198 | Hell     | Identified the amulet "Woreojoh" {Harm *Drain Str+3} (You
                  | found it in a treasure trove)
 53199 | Hell     | Identified the amulet of the Vanishing Emperors {Acrobat
                  | rC- Str+4} (You found it in a treasure trove)
 53200 | Hell     | Identified the +3 trident of Kaedod {drain, Fragile rPois
                  | rC+++ Str-3} (You found it on level 1 of the Elven Halls)
 53226 | Geh:1    | Entered Level 1 of Gehenna
 53293 | Geh:2    | You fall into a shaft and drop 2 floors!
 53485 | Geh:5    | Learned a level 3 spell: Lesser Beckoning
 53667 | Geh:7    | Entered Level 7 of Gehenna
 54053 | Geh:7    | Identified the +7 sceptre of Asmodeus
 54053 | Geh:7    | Noticed Asmodeus
 54116 | Geh:7    | Killed Asmodeus
 54139 | Geh:7    | Got an obsidian rune of Zot
 54259 | Tar:1    | Entered Level 1 of Tartarus
 54410 | Tar:1    | You fall into a shaft and drop 1 floor!
 54446 | Tar:3    | You fall into a shaft and drop 3 floors!
 54563 | Tar:7    | Entered Level 7 of Tartarus
 54699 | Tar:7    | Got a flickering silver ring
 54777 | Tar:7    | Learned a level 2 spell: Blink
 54798 | Tar:7    | Got a transparent scimitar
 54806 | Tar:7    | Was forgiven by Okawaru
 54809 | Tar:7    | Cast into level 3 of the Abyss (reaper)
 54919 | Abyss:3  | Identified the ring of Foolhardiness {rC- Int+10 Slay+3
                  | SInv} (You found it on level 7 of Tartarus)
 55078 | Abyss:3  | Got an abyssal rune of Zot
 55097 | Tar:7    | Escaped the Abyss
 55402 | Tar:7    | Noticed Ereshkigal
 55406 | Tar:7    | Got a bone rune of Zot
 55508 | Dis:1    | Entered Level 1 of the Iron City of Dis
 55730 | Dis:4    | Found a huge runed gate.
 55730 | Dis:4    | Found a huge runed gate.
 55730 | Dis:4    | Found a huge runed gate.
 55730 | Dis:4    | Found a huge runed gate.
 55730 | Dis:4    | Found a huge runed gate.
 55730 | Dis:4    | Found a huge runed gate.
 55771 | Dis:4    | Found a huge runed gate.
 55771 | Dis:4    | Found a huge runed gate.
 55804 | Dis:5    | You fall into a shaft and drop 1 floor!
 55899 | Dis:7    | Entered Level 7 of the Iron City of Dis
 56075 | Dis:7    | Identified Roxanne's Almanac of the Rocks and Moulding
 56146 | Dis:7    | Got a translucent turquoise ring
 56184 | Dis:7    | Identified the Tome of Evil and the Mountains
 56201 | Dis:7    | Identified the Handbook of the Creative Frostbite
 56357 | Dis:7    | Identified the +4 staff of Dispater
 56357 | Dis:7    | Noticed Dispater
 56376 | Dis:7    | Killed Dispater
 56408 | Dis:7    | Found the +10 Black Knight's horse barding {ponderous,
                  | rPois rN+}
 56414 | Dis:7    | Got an iron rune of Zot
 56794 | Orc:2    | Bought a book of Spatial Translocations for 910 gold pieces
 56799 | Orc:2    | Learned a level 4 spell: Passage of Golubria
 57109 | Tomb:1   | Entered Level 1 of the Tomb of the Ancients
 57280 | Tomb:1   | Noticed Jory
 57293 | Tomb:1   | Killed Jory
 57308 | Tomb:1   | Noticed a greater mummy
 57318 | Tomb:1   | Killed a greater mummy
 57318 | Tomb:1   | Reached skill level 27 in Earth Magic
 57327 | Tomb:1   | Noticed an ancient lich
 57333 | Tomb:1   | Killed an ancient lich
 57529 | Tomb:2   | Noticed a greater mummy
 57530 | Tomb:2   | Noticed a greater mummy
 57530 | Tomb:2   | Noticed a greater mummy
 57531 | Tomb:2   | Noticed a greater mummy
 57533 | Tomb:2   | Killed a greater mummy
 57533 | Tomb:2   | Killed a greater mummy
 57533 | Tomb:2   | Killed a greater mummy
 57535 | Tomb:2   | Killed a greater mummy
 57752 | Tomb:2   | Reached skill level 15 in Spellcasting
 57889 | Tomb:3   | Entered Level 3 of the Tomb of the Ancients
 57908 | Tomb:3   | Noticed a greater mummy
 57908 | Tomb:3   | Noticed a greater mummy
 57910 | Tomb:3   | Killed a greater mummy
 57910 | Tomb:3   | Noticed a greater mummy
 57912 | Tomb:3   | Killed a greater mummy
 57912 | Tomb:3   | Noticed an ancient lich
 57913 | Tomb:3   | Killed a greater mummy
 57914 | Tomb:3   | Noticed a greater mummy
 57915 | Tomb:3   | Noticed a greater mummy
 57917 | Tomb:3   | Killed an ancient lich
 57917 | Tomb:3   | Noticed a greater mummy
 57918 | Tomb:3   | Killed a greater mummy
 57920 | Tomb:3   | Noticed a greater mummy
 57921 | Tomb:3   | Killed a greater mummy
 57921 | Tomb:3   | Killed a greater mummy
 57926 | Tomb:3   | Noticed a greater mummy
 57927 | Tomb:3   | Killed a greater mummy
 57933 | Tomb:3   | Killed a greater mummy
 57972 | Tomb:3   | Got a golden rune of Zot
 58011 | Tomb:3   | Identified the amulet of Dim Light {Reflect rC++ Int+2
                  | SH+5} (You found it on level 3 of the Tomb of the Ancients)
 58012 | Tomb:3   | Identified the ring of the Failed Coup {Str+4 Dex+4} (You
                  | found it on level 3 of the Tomb of the Ancients)
 58015 | Tomb:3   | Identified the +4 mace "Yvvaoc" {antimagic, rF+ rN+} (You
                  | found it on level 3 of the Tomb of the Ancients)
 58016 | Tomb:3   | Got a crude hunting sling
 58016 | Tomb:3   | Got a jewelled scimitar
 58048 | Tomb:3   | Identified the Volume of the Helpful Volcanoes
 58051 | Tomb:3   | Identified the +11 scimitar "Wyixzin" {antimagic, SInv}
                  | (You found it on level 3 of the Tomb of the Ancients)
 58100 | Tomb:3   | Identified the +7 hunting sling of Watchfulness {flame,
                  | +Inv Int+5 Dex-5 SInv} (You found it on level 3 of the Tomb
                  | of the Ancients)
 58129 | Tomb:1   | Noticed a greater mummy
 58129 | Tomb:1   | Noticed a greater mummy
 58129 | Tomb:1   | Noticed a greater mummy
 58130 | Tomb:1   | Noticed a greater mummy
 58135 | Tomb:1   | Noticed a greater mummy
 58136 | Tomb:1   | Noticed a greater mummy
 58137 | Tomb:1   | Noticed a greater mummy
 58137 | Tomb:1   | Noticed a greater mummy
 58541 | Hell     | Identified the Papyrus of Earthen Intoxication (You
                  | acquired it in the Vestibule of Hell)
 58702 | Pan      | Entered Pandemonium
 58832 | Pan      | Noticed a seraph
 58843 | Pan      | Killed a seraph
 58843 | Pan      | Reached skill level 5 in Stealth
 58858 | Pan      | Found a glowing golden altar of the Shining One.
 58869 | Pan      | Got a demonic rune of Zot
 58902 | Depths:3 | Escaped Pandemonium
 58904 | Pan      | Entered Pandemonium
 58948 | Pan      | Noticed Qogegemo the pandemonium lord
 58956 | Pan      | Killed Qogegemo the pandemonium lord
 59160 | Pan      | Gained mutation: Your spells are a little easier to cast,
                  | but a little less powerful. [a cacodemon]
 59278 | Pan      | Found an exit through the horrors of the Abyss.
 59460 | Pan      | Noticed Epheol the pandemonium lord
 59466 | Pan      | Killed Epheol the pandemonium lord
 59613 | Pan      | Noticed Gobbyz the pandemonium lord
 59620 | Pan      | Killed Gobbyz the pandemonium lord
 59636 | Depths:3 | Escaped Pandemonium
 59638 | Pan      | Entered Pandemonium
 59643 | Pan      | Entered the realm of Mnoleg.
 59823 | Pan      | Learned a level 5 spell: Aura of Abjuration
 59842 | Pan      | Noticed Mnoleg
 59857 | Pan      | Killed Mnoleg
 59874 | Pan      | Got a glowing rune of Zot
 59944 | Pan      | Entered the realm of Cerebov.
 59987 | Pan      | Found an exit through the horrors of the Abyss.
 60220 | Pan      | Identified the Almanac of Feathery Transformation
 60267 | Pan      | Identified the +6 sword of Cerebov {flame}
 60267 | Pan      | Noticed Cerebov
 60282 | Pan      | Killed Cerebov
 60294 | Pan      | Got a brightly glowing lead amulet
 60294 | Pan      | Got a fiery rune of Zot
 60299 | Pan      | Identified the amulet "Mineit" {Faith rElec} (You found it
                  | in Pandemonium)
 60307 | Pan      | Entered the realm of Gloorx Vloq.
 60510 | Pan      | Noticed Gloorx Vloq
 60517 | Pan      | Killed Gloorx Vloq
 60531 | Pan      | Got a dark rune of Zot
 60602 | Pan      | Found an exit through the horrors of the Abyss.
 60609 | Depths:3 | Escaped Pandemonium
 60611 | Pan      | Entered Pandemonium
 60722 | Pan      | Reached skill level 10 in Stealth
 60823 | Pan      | Noticed Yffug the pandemonium lord
 60829 | Pan      | Paralysed by Yffug for 2 turns
 60832 | Pan      | Gained mutation: You do not regenerate when monsters are
                  | visible. [a cacodemon]
 60836 | Pan      | Killed Yffug the pandemonium lord
 60843 | Pan      | Reached skill level 27 in Unarmed Combat
 60958 | Pan      | Entered the realm of Lom Lobon.
 61072 | Pan      | Reached skill level 15 in Dodging
 61077 | Pan      | Noticed Lom Lobon
 61182 | Pan      | Killed Lom Lobon
 61188 | Pan      | Got a magical rune of Zot
 61240 | Pan      | Found an exit through the horrors of the Abyss.
 61249 | Pan      | Took an exit into the Abyss.
 61249 | Abyss:1  | Escaped into the Abyss
 61268 | Depths:3 | Escaped the Abyss
 61284 | Hell     | Identified the +5 scimitar of Maluehabru {elec, rF++} (You
                  | found it on level 7 of Tartarus)
 61285 | Hell     | Identified the +2 hand crossbow of the Shining Light
                  | {velocity, rC++ rN+ Str+6} (You bought it in a shop on
                  | level 4 of the Snake Pit)
 61286 | Hell     | Identified the ring "Ehuq" {Ice *Drain Int+5} (You found it
                  | on level 7 of the Iron City of Dis)
 61393 | Zot:1    | Entered Level 1 of the Realm of Zot
 61393 | Zot:1    | Noticed an orb of fire
 61403 | Zot:1    | Killed an orb of fire
 61451 | Zot:1    | Noticed an orb of fire
 61456 | Zot:1    | Killed an orb of fire
 61752 | Zot:1    | Noticed an orb of fire
 61905 | Zot:3    | You fall into a shaft and drop 1 floor!
 61905 | Zot:4    | Noticed a Killer Klown
 61918 | Zot:4    | Killed a Killer Klown
 62070 | Zot:5    | Entered Level 5 of the Realm of Zot
 62177 | Zot:5    | Noticed an ancient lich
 62186 | Zot:5    | Killed an ancient lich
 62509 | Zot:5    | Noticed an orb of fire
 62513 | Zot:5    | Gained mutation: Your spells are easier to cast, but less
                  | powerful. [an orb of fire]
 62516 | Zot:5    | Killed an orb of fire
 62516 | Zot:5    | Noticed an orb of fire
 62520 | Zot:5    | Killed an orb of fire
 62520 | Zot:5    | Noticed an ancient lich
 62523 | Zot:5    | Killed an ancient lich
 62523 | Zot:5    | Noticed a Killer Klown
 62524 | Zot:5    | Killed a Killer Klown
 62524 | Zot:5    | Noticed a Killer Klown
 62526 | Zot:5    | Killed a Killer Klown
 62528 | Zot:5    | Noticed a Killer Klown
 62535 | Zot:5    | Killed a Killer Klown
 62536 | Zot:5    | Noticed a Killer Klown
 62541 | Zot:5    | Noticed an ancient lich
 62543 | Zot:5    | Killed an ancient lich
 62548 | Zot:5    | Noticed a Killer Klown
 62553 | Zot:5    | Killed a Killer Klown
 62553 | Zot:5    | Reached skill level 27 in Fighting
 62554 | Zot:5    | Killed a Killer Klown
 62567 | Zot:5    | Noticed an ancient lich
 62576 | Zot:5    | Killed an ancient lich
 62650 | Zot:5    | Noticed an ancient lich
 62671 | Zot:5    | Killed an ancient lich
 63078 | Zot:5    | Noticed an ancient lich
 63083 | Zot:5    | Noticed a Killer Klown
 63089 | Zot:5    | Noticed a Killer Klown
 63108 | Zot:5    | Killed a Killer Klown
 63112 | Zot:5    | Killed a Killer Klown
 63244 | Zot:5    | Noticed an orb of fire
 63248 | Zot:5    | Killed an ancient lich
 63252 | Zot:5    | Killed an orb of fire
 63275 | Zot:5    | Noticed an ancient lich
 63283 | Zot:5    | Killed an ancient lich
 63497 | Zot:5    | Lost mutation: Your spells are easier to cast, but less
                  | powerful. [potion of mutation]
 63497 | Zot:5    | Lost mutation: You are dopey. (Int -2) [potion of mutation]
 63497 | Zot:5    | Lost mutation: Your flesh is cold resistant. (rC+) [potion
                  | of mutation]
 63497 | Zot:5    | Lost mutation: You possess an exceptional clarity of mind.
                  | [potion of mutation]
 63497 | Zot:5    | Gained mutation: You are surrounded by a mild repulsion
                  | field. (EV +2) [potion of mutation]
 63497 | Zot:5    | Lost mutation: Your spells are a little easier to cast, but
                  | a little less powerful. [potion of mutation]
 63498 | Zot:5    | Lost mutation: You are surrounded by a mild repulsion
                  | field. (EV +2) [potion of mutation]
 63498 | Zot:5    | Lost mutation: Your flesh is heat resistant. (rF+) [potion
                  | of mutation]
 63498 | Zot:5    | Lost mutation: You do not regenerate when monsters are
                  | visible. [potion of mutation]
 63498 | Zot:5    | Gained mutation: You are agile. (Dex +2) [potion of
                  | mutation]
 63498 | Zot:5    | Gained mutation: You have an increased reservoir of magic.
                  | (+10% MP) [potion of mutation]
 63506 | Zot:5    | Got the Orb of Zot
 63611 | Zot:3    | Noticed Ulehumeogo the pandemonium lord
 63666 | Depths:5 | Noticed Ytooj the pandemonium lord
 63675 | Depths:5 | Killed Ytooj the pandemonium lord
 63986 | D:3      | Noticed Ynledir the pandemonium lord
 63993 | D:3      | Killed Ynledir the pandemonium lord
 63999 | D:3      | Reached skill level 15 in Throwing
 64094 | D:$      | Escaped with the Orb!

Levels and vault maps discovered:
D:1:      onia_arrival_pyramid, layout_loops_ring
D:2:      layout_basic, first_ration, kennysheep_generic_room_2
D:3:      layout_rooms, lemuel_blue_sif_altar,
          yredelemnul_forgotten_temple_becter, nicolae_overflow_hidden_temple,
          hellmonk_ghost_happy_afterlife, serial_forest,
          infiniplex_forest_clump_tiny, infiniplex_forest_lined_2,
          infiniplex_forest_straight_3, infiniplex_forest_corner_1,
          infiniplex_forest_straight_2, infiniplex_forest_clump_long,
          infiniplex_forest_straight_1, minmay_curled_crystal
D:4:      layout_loops_cross, kennysheep_little_box
D:5:      layout_loops_ring, overflow_temple_1_default,
          nicolae_gozag_seed_capital, led_xom_imps, minmay_temple_entry_statues,
          basic_altar, serial_shops, shop
D:6:      layout_basic, old_standard_altar, enter_ossuary_2
D:7:      layout_basic, cheibrodos_ashenzari_chains,
          hellmonk_ghost_happy_afterlife, uniq_joseph
D:8:      layout_cave_pools, chequers_temple_overflow_statue_of_worship,
          basic_altar, enter_bailey_3
D:9:      cheibrodos_helix_gallery, layout_irregular_city, serial_shops,
          nicolae_shop_stone
D:10:     layout_loops_cross
D:11:     layout_gridville, david_lair_generic, orc_0_dummy,
          due_unseen_surprise, uniq_harold
D:12:     minmay_ambush_box, layout_long_grid, gauntlet_entry_generic,
          uniq_erolcha
D:13:     layout_stronghold, muffindrake_ghost_dual_entry,
          hangedman_little_slice_of_home, uniq_frances
D:14:     layout_basic, grunt_vaults_entry_fortified, grunt_dithmenos_shadows
D:15:     gammafunk_enter_depths_forms, layout_stronghold,
          minmay_misc_feat_hallway, minivault_4, minmay_unpleasant_kobolds,
          uniq_roxanne, uniq_jorgrun, uniq_nessos
Temple:   compressed_dpeg_triangle_lava_temple
Lair:1:   layout_regular_city, hellmonk_ghost_happy_afterlife
Lair:2:   layout_roguey, nicolae_swamp_entry_splash_gauntlet
Lair:3:   layout_long_grid, patterned_corridor, infiniplex_staircase_pool,
          grunt_megastairs_2
Lair:4:   layout_long_grid, dummy_snake_entry, kennysheep_rathole
Lair:5:   layout_cave_shapes, nicolae_volcano_entry_lava_flow,
          fungi_pond_lemuel, grunt_megastairs_4, lemuel_fruit_fields, uniq_kirke
Lair:6:   due_jungle_book, layout_cave_pods, dpeg_slime_entry_enclosed_altar,
          portal_ice_cave_entry_imps, grunt_megastairs_3, uniq_snorg
Swamp:1:  layout_basic_swamp, gammafunk_ghost_split,
          nicolae_swamp_very_dense_foliage, swamp_pool2
Swamp:2:  layout_falls_marsh, ebering_ghost_reflecting_pool,
          hangedman_swamp_ruin_hall, swamp_pool1, infiniplex_staircase_pool_2,
          uniq_donald
Swamp:3:  layout_falls_marsh, nicolae_swamp_dense_foliage
Swamp:4:  swamp_basic_johnstein, layout_basic_swamp
Snake:1:  layout_basic, serial_bayou_shore_a, uniq_josephine, uniq_rupert,
          uniq_azrael
Snake:2:  layout_rooms
Snake:3:  layout_basic, special_room, uniq_agnes, uniq_nikola
Snake:4:  grunt_snake_rune_serpentine_throne, layout_cave_town, serial_shops,
          nicolae_shop_temple_entry_statues_fountains, shop,
          minmay_shop_grid_forest
Slime:1:  layout_caves
Slime:2:  layout_caves
Slime:3:  layout_caves
Slime:4:  layout_caves
Slime:5
Orc:1:    layout_diamond_mine, serial_shops, shop, shop,
          nicolae_shop_window_shopping, shop
Orc:2:    st_orc_congregation, layout_caves, sword_in_stone, uniq_sonja,
          uniq_urug, uniq_maurice
Elf:1:    layout_rooms, kennysheep_underground_church, minivault_16,
          fountainhead, st_stairs_7
Elf:2:    layout_geoelf_octagon, serial_shops, shop, evilmike_ambush
          [evilmike_ambush_outer_pillars, evilmike_ambush_inner_pond]
Elf:3:    minmay_elf_hall_x, layout_loops_corners
Vaults:1: v_misc_25, v_rooms_1, v_misc_2, nicolae_vaults_alarming,
          vaults_dpeg_spiral, v_misc_26, ontoclasm_vaults_idyll,
          nicolae_vaults_rhombus_5, nicolae_vaults_shelves_hall,
          layout_vaults_omnigrid, enter_trove_1, serial_glass
Vaults:2: v_misc_8, st_smaller_cells, vaults_standard_mumra_enter_the_diamond,
          vaults_standard_mumra_x, vaults_room_stairs_pillars,
          vaults_room_fancy_cross, ontoclasm_vaults_shuriken,
          vaults_room_door_hall, v_pattern_3, v_misc_11,
          layout_vaults_omnicross, mu_enter_wizlab_4, uniq_aizul
Vaults:3: v_misc_12, v_misc_29, vaults_room_door_hall,
          nicolae_vaults_fighting_squares, hangedman_vaults_stagger,
          minmay_crypt_entry_nasty_monster, ontoclasm_vaults_spin, v_misc_8,
          hangedman_vaults_corner_blocks, hangedman_vaults_snaps,
          ontoclasm_vaults_pinch, ontoclasm_vaults_loading_screen,
          layout_vaults_ring, uniq_xtahua
Vaults:4: hangedman_vaults_stream, v_misc_11, hangedman_vaults_nails,
          nicolae_vaults_little_squares_4, ontoclasm_vaults_claustrophobia,
          v_misc_24, ontoclasm_vaults_tryst, vaults_room_hallway,
          st_spiral_rooms, dpeg_vaults_monster_box, grunt_vaults_funnel,
          layout_vaults_big_room, uniq_sojobo
Vaults:5
Crypt:1:  layout_gridlike, corexii_leaking_fountain,
          serial_sigils_hangedman_clutch, uniq_margery, uniq_bai_suzhen,
          uniq_boris
Crypt:2:  layout_rooms, skrybe_necro_troll_1, uniq_saint_roka
Crypt:3:  lightli_unholy_cathedral, layout_chaotic_city,
          nicolae_tomb_entry_grand_gallery, grunt_ministairs_13
Tomb:1:   uniq_jory
Tomb:2
Tomb:3
Depths:1: layout_roguey, nrook_uturn, abyss_entry, lightli_too_deep,
          grunt_absolute_annihilation, kennysheep_random_hallway
Depths:2: kennysheep_water_balloons, layout_twisted_cross, hell_entry,
          serial_glass, glass_columns_a, glass_columns_a, glass_columns_a,
          glass_columns_c, glass_columns_a, glass_columns_a, glass_columns_a,
          glass_columns_c, glass_columns_a, glass_columns_b, glass_columns_b,
          glass_columns_a, glass_columns_a, glass_columns_b, item_on_display_a,
          minmay_strange_pillars, feat_on_display
Depths:3: radiant_caverns_a_rkd, pan_entry, serial_shops, hell_entry,
          abyss_entry
Depths:4: cell_vault, layout_gridville, enter_ziggurat_c, hell_entry,
          hangedman_abyss_entry_splay, minmay_holes, ice2_lemuel
Depths:5: grunt_zot_entry_bicorn, layout_small_grid, minmay_room_of_horrors,
          columned_hall_lemuel, pf_coc_iceberg, uniq_enchantress
Hell
Dis:1:    layout_regular_city
Dis:2:    layout_regular_city
Dis:3:    layout_chaotic_city, hangedman_dis_decor_blocks_mantle,
          nicolae_dis_hell_towers
Dis:4:    layout_chaotic_city, door_vault
Dis:5:    layout_overlapping_boxes
Dis:6:    layout_regular_city, hangedman_player_shredder
Dis:7:    iron_city_of_dis [dis_mu, dis_wall_6], layout_chaotic_city
Geh:1:    layout_gehenna_pools_basic
Geh:2:    layout_gehenna_pools_triple
Geh:4:    layout_gehenna_pools_triple
Geh:5:    layout_gehenna_lava_caves
Geh:6:    layout_gehenna_lava_caves
Geh:7:    geh_old
Coc:1:    layout_ice_bergs
Coc:2:    layout_cocytus_water_paths
Coc:3:    layout_cocytus_water_paths
Coc:4:    layout_cocytus_delve
Coc:6:    layout_cocytus_water_paths
Coc:7:    coc_dpeg
Tar:1:    layout_grid_maze
Tar:2:    layout_catacombs
Tar:3:    layout_catacombs
Tar:6:    layout_grid_maze
Tar:7:    tar_mu [tar_mu_maze]
Zot:1:    layout_gridville, nrook_zot_tub
Zot:2:    layout_twisted_circle
Zot:3:    layout_onion
Zot:4:    layout_basic
Zot:5:    layout_gridlike, st_stairs_14, grunt_ministairs_6

Skill      XL: |  1  2  3  4  5  6  7  8  9 10 11 12 13 14 15 16 17 18 19 20 21 22 23 24 25 26 27 |
---------------+----------------------------------------------------------------------------------+-----
Stealth        | 1 2 3 4 10 | 10.0
Unarmed Combat | 4 5 6 7 9 10 11 12 13 14 15 17 18 19 20 21 22 27 | 27.0
Evocations     | 2 3 5 6 7 8 9 10 | 10.0
Throwing       | 3 4 6 7 8 9 10 11 12 15 | 15.0
Fighting       | 3 4 6 7 8 9 10 11 12 13 15 16 17 18 19 20 27 | 27.0
Invocations    | 1 3 5 6 7 8 10 20 | 20.0
Armour         | 1 3 4 5 6 8 9 10 | 10.0
Dodging        | 4 5 6 8 9 10 17 | 17.3
Shields        | 1 3 4 6 7 8 9 10 11 12 14 15 | 15.1
Transmutations | 1 3 4 5 6 8 |  8.0
Earth Magic    | 1 4 5 6 27 | 27.0
Spellcasting   | 1 3 4 5 8 15 | 15.0
Translocations | 3 6 8 |  8.0
Summonings     | 2 9 |  9.0
Air Magic      | 2 3 |  3.1

Action                   |  1- 3 |  4- 6 |  7- 9 | 10-12 | 13-15 | 16-18 | 19-21 | 22-24 | 25-27 || total
-------------------------+-------+-------+-------+-------+-------+-------+-------+-------+-------++-------
Melee: Unarmed           |   110 |   257 |   337 |   826 |  1305 |  1537 |   851 |  1084 |  4715 || 11022
       Punch             |     2 |       |       |       |       |       |       |       |    24 ||    26
 Fire: Fustibalus        |       |       |       |       |     6 |       |       |       |       ||     6
Throw: Stone             |     2 |     4 |       |       |       |       |       |       |       ||     6
       Dart              |       |    14 |    26 |   109 |     6 |    16 |     2 |     5 |     7 ||   185
       Boomerang         |       |       |     4 |    34 |    99 |   170 |    51 |    55 |   242 ||   655
       Javelin           |       |       |       |       |    39 |   229 |   226 |   146 |   425 ||  1065
       Throwing net      |       |       |       |       |       |       |     1 |       |       ||     1
 Cast: Apportation       |       |       |       |       |       |       |     5 |    26 |   253 ||   284
       Statue Form       |       |       |       |       |       |       |       |       |    92 ||    92
       Shatter           |       |       |       |       |       |       |       |       |    44 ||    44
       Passwall          |       |       |       |       |       |       |       |       |    21 ||    21
       Blink             |       |       |       |       |       |       |       |       |    19 ||    19
       Summon Lightning  |       |       |       |       |       |       |       |       |    10 ||    10
       Portal Projectile |       |       |       |       |       |       |       |       |     8 ||     8
       Aura of Abjuratio |       |       |       |       |       |       |       |       |     5 ||     5
Invok: Heroism           |       |       |     4 |    29 |    43 |    54 |    32 |    21 |    44 ||   227
       Finesse           |       |       |       |     1 |    10 |     6 |     8 |     9 |    11 ||    45
       Cleansing Flame   |       |       |       |       |       |       |       |       |   235 ||   235
       Summon Divine War |       |       |       |       |       |       |       |       |    30 ||    30
       Divine Shield     |       |       |       |       |       |       |       |       |    12 ||    12
 Abil: End Transformatio |       |       |       |       |       |       |       |       |    11 ||    11
Evoke: Wand              |       |       |     8 |    14 |    12 |    33 |    18 |     7 |    30 ||   122
       Lamp of fire      |       |       |       |       |       |       |     1 |     1 |     7 ||     9
       Phantom mirror    |       |       |       |       |       |       |       |     1 |       ||     1
       Sack of spiders   |       |       |       |       |       |       |       |       |     1 ||     1
  Use: Scroll            |     4 |     8 |     9 |     8 |    12 |     9 |    11 |     4 |    72 ||   137
       Potion            |       |       |     1 |     3 |     3 |     1 |     2 |       |    54 ||    64
 Stab: Sleeping          |     1 |       |     1 |     6 |     6 |     3 |       |    13 |    17 ||    47
       Paralysed         |       |       |       |     8 |       |     5 |       |       |     2 ||    15
       Distracted        |       |       |       |       |     1 |       |     1 |     4 |     2 ||     8
       Confused          |       |       |       |       |       |     3 |       |       |       ||     3
  Eat: Chunk             |       |     6 |     5 |     4 |    15 |    10 |     3 |    13 |     2 ||    58
       Ration            |       |       |     1 |     6 |     2 |     6 |     5 |     1 |    58 ||    79
Armor: Leather armour    |    29 |     1 |       |       |     1 |       |       |       |       ||    31
       Ring mail         |       |    80 |    80 |    75 |     3 |       |       |       |       ||   238
       Steam dragon scal |       |       |       |    51 |       |       |       |       |       ||    51
       Scale mail        |       |       |       |    28 |   191 |    87 |    15 |   137 |   537 ||   995
       Plate armour      |       |       |       |       |       |   316 |   226 |       |       ||   542
       Skin              |       |       |       |       |       |       |       |       |   732 ||   732
       Acid dragon scale |       |       |       |       |       |       |       |       |    21 ||    21
Dodge: Dodged            |    64 |   120 |   131 |   356 |   460 |   516 |   235 |   289 |  2577 ||  4748
Block: Buckler           |     7 |    31 |    48 |   192 |   101 |       |       |       |       ||   379
       Shield            |       |       |       |       |   322 |   782 |   424 |   621 |  4677 ||  6826
